Workbook
Name BudgetLineList: 'Coversheet & Instructions'!#REF!
Name local: 'Coversheet & Instructions'!#REF!
Name total_cost: '[1]Worksheet 1 Project budget'!$E$56
Name total_cost_y1: '[1]Worksheet 1 Project budget'!$I$56

Sheet Information
B2: General Information
B3: Nota Bene The Grant Coordinator alone is responsible for ensuring that the financial information provided in these tables is correct. Forecast budget and follow-up In accordance with Article 15.1 of the General Conditions, a forecast budget for the subsequent reporting period or for the remaining period (if shorter) must be provided alongside any request for payment of further pre-financing. Interim Report & Final Report Additional information on expenditure incurred in local or other currencies than the euro may be asked by the Contracting Authority. Addenda and use of contingencies To be filled in case of an addendum and/or when contingencies are used. Roundings Figures have to be rounded to the nearest euro cent.

Sheet Coversheet & Instructions
J1: Reporting Period | K1: Main Heading | L1: 1. Human Resources | M1: 2. Travel | N1: 3. Other direct costs | O1: Category | P1: Subcategory | R1: Currency | S1: Country | T1: Currency | U1: isoA3Code
B2: Action Title | C2: Action Title | J2: {=_xlfn.UNIQUE(B20:B29)} -> IR1 | K2: 1. Human Resources | L2: 1.1 | M2: 2.1 | N2: 3.1 | O2: 1. Human Resources | P2: 1.1 | U2: Select currency
B3: Grant Contract No. | C3: Grant Contract No. | J3: IR2 | K3: 2. Travel | L3: 1.2 | M3: 2.2 | N3: 3.2 | O3: 1. Human Resources | P3: 1.2 | R3: =CONCATENATE(U3," - ",T3) -> AED - United Arab Emirates dirham | S3: United Arab Emirates | T3: United Arab Emirates dirham | U3: AED
B4: Contract duration (no. of months) | C4: 48 | D4: Contract Start Date | E4: 46204 | F4: Contract End Date | G4: =EDATE(E4,C4)-1 -> 47664 | J4: IR3 | K4: 3. Other direct costs | L4: 1.3 | M4: 2.3 | N4: 3.3 | O4: 1. Human Resources | P4: 1.3 | R4: =CONCATENATE(U4," - ",T4) -> AFN - Afghan afghani | S4: Afghanistan | T4: Afghan afghani | U4: AFN
J5: Final Report | L5: 1.4 | M5: 2.4 | N5: 3.4 | O5: 1. Human Resources | P5: 1.4 | R5: =CONCATENATE(U5," - ",T5) -> ALL - Albanian lek | S5: Albania | T5: Albanian lek | U5: ALL
C6: ↓ Please enter each Beneficiary's Name ↓ | G6: Total Amount (EUR) | L6: 1.5 | M6: 2.5 | N6: 3.5 | O6: 1. Human Resources | P6: 1.5 | R6: =CONCATENATE(U6," - ",T6) -> AMD - Armenian dram | S6: Armenia | T6: Armenian dram | U6: AMD
B7: Beneficiary 1 | C7: Grant Coordinator | G7: =IFERROR(SUMIF('List of expenditure'!$B$8:$B$197,C7,'List of expenditure'!$L$8:$L$197),0) -> 0 | L7: 1.6 | M7: 2.6 | N7: 3.6 | O7: 1. Human Resources | P7: 1.6 | R7: =CONCATENATE(U7," - ",T7) -> AOA - Angolan kwanza | S7: Angola | T7: Angolan kwanza | U7: AOA
B8: Beneficiary 2 | C8: Co-beneficiary 1 | L8: 1.7 | M8: 2.7 | N8: 3.7 | O8: 1. Human Resources | P8: 1.7 | R8: =CONCATENATE(U8," - ",T8) -> ARS - Argentine peso | S8: Argentina | T8: Argentine peso | U8: ARS
B9: Beneficiary 3 | C9: Co-beneficiary 2 | G9: =IFERROR(SUMIF('List of expenditure'!$B$8:$B$197,C9,'List of expenditure'!$L$8:$L$197),0) -> 0 | L9: 1.8 | M9: 2.8 | N9: 3.8 | O9: 1. Human Resources | P9: 1.8 | R9: =CONCATENATE(U9," - ",T9) -> AUD - Australian dollar | S9: Australia | T9: Australian dollar | U9: AUD
B10: Beneficiary 4 | C10: Co-beneficiary 3 | G10: =IFERROR(SUMIF('List of expenditure'!$B$8:$B$197,C10,'List of expenditure'!$L$8:$L$197),0) -> 0 | L10: 1.9 | M10: 2.9 | N10: 3.9 | O10: 1. Human Resources | P10: 1.9 | R10: =CONCATENATE(U10," - ",T10) -> AWG - Aruban florin | S10: Aruba | T10: Aruban florin | U10: AWG
B11: Beneficiary 5 | C11: Co-beneficiary 4 | G11: =IFERROR(SUMIF('List of expenditure'!$B$8:$B$197,C11,'List of expenditure'!$L$8:$L$197),0) -> 0 | L11: 1.1 | M11: 2.1 | N11: 3.1 | O11: 1. Human Resources | P11: 1.1 | R11: =CONCATENATE(U11," - ",T11) -> AZN - Azerbaijan Manat | S11: Azerbaijan | T11: Azerbaijan Manat | U11: AZN
B12: Beneficiary 6 | C12: Co-beneficiary 5 | G12: =IFERROR(SUMIF('List of expenditure'!$B$8:$B$197,C12,'List of expenditure'!$L$8:$L$197),0) -> 0 | L12: 1.11 | M12: 2.11 | N12: 3.11 | O12: 1. Human Resources | P12: 1.11 | R12: =CONCATENATE(U12," - ",T12) -> BAM - Bosnia and Herzegovina convertible mark | S12: Bosnia and Herzegovina | T12: Bosnia and Herzegovina convertible mark | U12: BAM
B13: Beneficiary 7 | C13: Co-beneficiary 6 | G13: =IFERROR(SUMIF('List of expenditure'!$B$8:$B$197,C13,'List of expenditure'!$L$8:$L$197),0) -> 0 | L13: 1.12 | M13: 2.12 | N13: 3.12 | O13: 1. Human Resources | P13: 1.12 | R13: =CONCATENATE(U13," - ",T13) -> BBD - Barbados dollar | S13: Barbados | T13: Barbados dollar | U13: BBD
B14: Beneficiary 8 | C14: Co-beneficiary 7 | G14: =IFERROR(SUMIF('List of expenditure'!$B$8:$B$197,C14,'List of expenditure'!$L$8:$L$197),0) -> 0 | L14: 1.13 | M14: 2.13 | N14: 3.13 | O14: 1. Human Resources | P14: 1.13 | R14: =CONCATENATE(U14," - ",T14) -> BDT - Bangladeshi taka | S14: Bangladesh | T14: Bangladeshi taka | U14: BDT
B15: Beneficiary 9 | C15: Co-beneficiary 8 | G15: =IFERROR(SUMIF('List of expenditure'!$B$8:$B$197,C15,'List of expenditure'!$L$8:$L$197),0) -> 0 | L15: 1.14 | M15: 2.14 | N15: 3.14 | O15: 1. Human Resources | P15: 1.14 | R15: =CONCATENATE(U15," - ",T15) -> BGN - Bulgarian lev | S15: Bulgaria | T15: Bulgarian lev | U15: BGN
B16: Beneficiary 10 | C16: Co-beneficiary 9 | G16: =IFERROR(SUMIF('List of expenditure'!$B$8:$B$197,C16,'List of expenditure'!$L$8:$L$197),0) -> 0 | L16: 1.15 | M16: 2.15 | N16: 3.15 | O16: 1. Human Resources | P16: 1.15 | R16: =CONCATENATE(U16," - ",T16) -> BHD - Bahraini dinar | S16: Bahrain | T16: Bahraini dinar | U16: BHD
F17: Grand Total (EUR) | G17: =SUM(G7:G16) -> 0 | L17: 1.16 | M17: 2.16 | N17: 3.16 | O17: 1. Human Resources | P17: 1.16 | R17: =CONCATENATE(U17," - ",T17) -> BIF - Burundi franc | S17: Burundi | T17: Burundi franc | U17: BIF
L18: 1.17 | M18: 2.17 | N18: 3.17 | O18: 1. Human Resources | P18: 1.17 | R18: =CONCATENATE(U18," - ",T18) -> BMD - Bermudian dollar | S18: Bermuda | T18: Bermudian dollar | U18: BMD
C19: Report Start Period | D19: Report End Period | L19: 1.18 | M19: 2.18 | N19: 3.18 | O19: 1. Human Resources | P19: 1.18 | R19: =CONCATENATE(U19," - ",T19) -> BND - Brunei dollar | S19: Brunei | T19: Brunei dollar | U19: BND
B20: IR1 | C20: =E4 -> 46204 | D20: =IF(C20="","",(IF((EDATE(C20,12)-1)>$G$4,$G$4,(EDATE(C20,$F$23)-1)))) -> 46568 | F20: Please enter the reporting period (no. of months) as per Article 4.1 of the ↓ Special Conditions ↓ | L20: 1.19 | M20: 2.19 | N20: 3.19 | O20: 1. Human Resources | P20: 1.19 | R20: =CONCATENATE(U20," - ",T20) -> BOB - Bolivian boliviano | S20: Bolivia | T20: Bolivian boliviano | U20: BOB
B21: IR2 | C21: =IF(D20="","",(IF((D20+1)>$G$4,"",(D20+1)))) -> 46569 | D21: =IF(C21="","",(IF((EDATE(C21,12)-1)>$G$4,$G$4,(EDATE(C21,$F$23)-1)))) -> 46934 | L21: 1.2 | M21: 2.2 | N21: 3.2 | O21: 1. Human Resources | P21: 1.2 | R21: =CONCATENATE(U21," - ",T21) -> BRL - Brazilian real | S21: Brazil | T21: Brazilian real | U21: BRL
B22: IR3 | C22: =IF(D21="","",(IF((D21+1)>$G$4,"",(D21+1)))) -> 46935 | D22: =IF(C22="","",(IF((EDATE(C22,12)-1)>$G$4,$G$4,(EDATE(C22,$F$23)-1)))) -> 47299 | N22: 3.21 | O22: 2. Travel | P22: 2.1 | R22: =CONCATENATE(U22," - ",T22) -> BSD - Bahamian dollar | S22: Bahamas (the) | T22: Bahamian dollar | U22: BSD
B23: Final Report | C23: =IF(D22="","",(IF((D22+1)>$G$4,"",(D22+1)))) -> 47300 | D23: =IF(C23="","",(IF((EDATE(C23,12)-1)>$G$4,$G$4,(EDATE(C23,$F$23)-1)))) -> 47664 | F23: 12 | N23: 3.22 | O23: 2. Travel | P23: 2.2 | R23: =CONCATENATE(U23," - ",T23) -> BTN - Bhutanese ngultrum | S23: Bhutan | T23: Bhutanese ngultrum | U23: BTN
B24: =IF(D24="","",(IF(D24=$G$4,"Final Report","IR5"))) | C24: =IF(D23="","",(IF((D23+1)>$G$4,"",(D23+1)))) | D24: =IF(C24="","",(IF((EDATE(C24,12)-1)>$G$4,$G$4,(EDATE(C24,$F$23)-1)))) | N24: 3.23 | O24: 2. Travel | P24: 2.3 | R24: =CONCATENATE(U24," - ",T24) -> BWP - Botswana pula | S24: Botswana | T24: Botswana pula | U24: BWP
B25: =IF(D25="","",(IF(D25=$G$4,"Final Report","IR6"))) | C25: =IF(D24="","",(IF((D24+1)>$G$4,"",(D24+1)))) | D25: =IF(C25="","",(IF((EDATE(C25,12)-1)>$G$4,$G$4,(EDATE(C25,$F$23)-1)))) | F25: Please select current reporting ↓ exercise ↓ | N25: 3.24 | O25: 2. Travel | P25: 2.4 | R25: =CONCATENATE(U25," - ",T25) -> BYN - Belarussian rouble | S25: Belarus | T25: Belarussian rouble | U25: BYN
B26: =IF(D26="","",(IF(D26=$G$4,"Final Report","IR7"))) | C26: =IF(D25="","",(IF((D25+1)>$G$4,"",(D25+1)))) | D26: =IF(C26="","",(IF((EDATE(C26,12)-1)>$G$4,$G$4,(EDATE(C26,$F$23)-1)))) | N26: 3.25 | O26: 2. Travel | P26: 2.5 | R26: =CONCATENATE(U26," - ",T26) -> BZD - Belize dollar | S26: Belize | T26: Belize dollar | U26: BZD
B27: =IF(D27="","",(IF(D27=$G$4,"Final Report","IR8"))) | C27: =IF(D26="","",(IF((D26+1)>$G$4,"",(D26+1)))) | D27: =IF(C27="","",(IF((EDATE(C27,12)-1)>$G$4,$G$4,(EDATE(C27,$F$23)-1)))) | N27: 3.26 | O27: 2. Travel | P27: 2.6 | R27: =CONCATENATE(U27," - ",T27) -> CAD - Canadian dollar | S27: Canada | T27: Canadian dollar | U27: CAD
B28: =IF(D28="","",(IF(D28=$G$4,"Final Report","IR9"))) | C28: =IF(D27="","",(IF((D27+1)>$G$4,"",(D27+1)))) | D28: =IF(C28="","",(IF((EDATE(C28,12)-1)>$G$4,$G$4,(EDATE(C28,$F$23)-1)))) | F28: IR1 | N28: 3.27 | O28: 2. Travel | P28: 2.7 | R28: =CONCATENATE(U28," - ",T28) -> CDF - Congolese franc | S28: Congo (Democratic Republic of) | T28: Congolese franc | U28: CDF
B29: =IF(D28="","",(IF(D28=$G$4,"Final Report","IR10"))) | C29: =IF(D28="","",(IF((D28+1)>$G$4,"",(D28+1)))) | D29: =IF(C29="","",(IF((EDATE(C29,12)-1)>$G$4,$G$4,(EDATE(C29,$F$23)-1)))) | N29: 3.28 | O29: 2. Travel | P29: 2.8 | R29: =CONCATENATE(U29," - ",T29) -> CHF - Swiss franc | S29: Switzerland | T29: Swiss franc | U29: CHF
N30: 3.29 | O30: 2. Travel | P30: 2.9 | R30: =CONCATENATE(U30," - ",T30) -> CLP - Chilean peso | S30: Chile | T30: Chilean peso | U30: CLP
D31: ↓ Please enter the exchange rates ↓ as per | E31: InforEuro | N31: 3.3 | O31: 2. Travel | P31: 2.1 | R31: =CONCATENATE(U31," - ",T31) -> CNY - Chinese Yuan Renminbi | S31: China | T31: Chinese Yuan Renminbi | U31: CNY
B32: Month | C32: EUR | D32: Select currency | E32: Select currency2 | F32: Select currency3 | G32: Select currency4 | O32: 2. Travel | P32: 2.11 | R32: =CONCATENATE(U32," - ",T32) -> COP - Colombian peso | S32: Colombia | T32: Colombian peso | U32: COP
B33: =EOMONTH(VLOOKUP(F28,B20:C29,2,FALSE),-1)+1 -> 46204 | C33: 1 | D33: 46 | O33: 2. Travel | P33: 2.12 | R33: =CONCATENATE(U33," - ",T33) -> CRC - Costa Rican colón | S33: Costa Rica | T33: Costa Rican colón | U33: CRC
B34: =IF(B33="","",(IF((EDATE(B33,1))>(VLOOKUP($F$28,$B$20:$D$29,3,FALSE)),"",(EDATE(B33,1))))) -> 46235 | C34: 1 | O34: 2. Travel | P34: 2.13 | R34: =CONCATENATE(U34," - ",T34) -> CUP - Cuban peso | S34: Cuba | T34: Cuban peso | U34: CUP
B35: =IF(B34="","",(IF((EDATE(B34,1))>(VLOOKUP($F$28,$B$20:$D$29,3,FALSE)),"",(EDATE(B34,1))))) -> 46266 | C35: 1 | O35: 2. Travel | P35: 2.14 | R35: =CONCATENATE(U35," - ",T35) -> CVE - Cape Verde escudo | S35: Cape Verde | T35: Cape Verde escudo | U35: CVE
B36: =IF(B35="","",(IF((EDATE(B35,1))>(VLOOKUP($F$28,$B$20:$D$29,3,FALSE)),"",(EDATE(B35,1))))) -> 46296 | C36: 1 | O36: 2. Travel | P36: 2.15 | R36: =CONCATENATE(U36," - ",T36) -> CZK - Czech koruna | S36: Czechia | T36: Czech koruna | U36: CZK
B37: =IF(B36="","",(IF((EDATE(B36,1))>(VLOOKUP($F$28,$B$20:$D$29,3,FALSE)),"",(EDATE(B36,1))))) -> 46327 | C37: 1 | O37: 2. Travel | P37: 2.16 | R37: =CONCATENATE(U37," - ",T37) -> DJF - Djibouti franc | S37: Djibouti | T37: Djibouti franc | U37: DJF
B38: =IF(B37="","",(IF((EDATE(B37,1))>(VLOOKUP($F$28,$B$20:$D$29,3,FALSE)),"",(EDATE(B37,1))))) -> 46357 | C38: 1 | O38: 2. Travel | P38: 2.17 | R38: =CONCATENATE(U38," - ",T38) -> DKK - Danish krone | S38: Denmark | T38: Danish krone | U38: DKK
B39: =IF(B38="","",(IF((EDATE(B38,1))>(VLOOKUP($F$28,$B$20:$D$29,3,FALSE)),"",(EDATE(B38,1))))) -> 46388 | C39: 1 | O39: 2. Travel | P39: 2.18 | R39: =CONCATENATE(U39," - ",T39) -> DOP - Dominican peso | S39: Dominican Republic | T39: Dominican peso | U39: DOP
B40: =IF(B39="","",(IF((EDATE(B39,1))>(VLOOKUP($F$28,$B$20:$D$29,3,FALSE)),"",(EDATE(B39,1))))) -> 46419 | C40: 1 | O40: 2. Travel | P40: 2.19 | R40: =CONCATENATE(U40," - ",T40) -> DZD - Algerian dinar | S40: Algeria | T40: Algerian dinar | U40: DZD
B41: =IF(B40="","",(IF((EDATE(B40,1))>(VLOOKUP($F$28,$B$20:$D$29,3,FALSE)),"",(EDATE(B40,1))))) -> 46447 | C41: 1 | O41: 2. Travel | P41: 2.2 | R41: =CONCATENATE(U41," - ",T41) -> EGP - Egyptian pound | S41: Egypt | T41: Egyptian pound | U41: EGP
B42: =IF(B41="","",(IF((EDATE(B41,1))>(VLOOKUP($F$28,$B$20:$D$29,3,FALSE)),"",(EDATE(B41,1))))) -> 46478 | C42: 1 | O42: 3. Other direct costs | P42: 3.1 | R42: =CONCATENATE(U42," - ",T42) -> ERN - Eritrean nakfa | S42: Eritrea | T42: Eritrean nakfa | U42: ERN
B43: =IF(B42="","",(IF((EDATE(B42,1))>(VLOOKUP($F$28,$B$20:$D$29,3,FALSE)),"",(EDATE(B42,1))))) -> 46508 | C43: 1 | O43: 3. Other direct costs | P43: 3.2 | R43: =CONCATENATE(U43," - ",T43) -> ETB - Ethiopian birr | S43: Ethiopia | T43: Ethiopian birr | U43: ETB
B44: =IF(B43="","",(IF((EDATE(B43,1))>(VLOOKUP($F$28,$B$20:$D$29,3,FALSE)),"",(EDATE(B43,1))))) -> 46539 | C44: 1 | O44: 3. Other direct costs | P44: 3.3 | R44: =CONCATENATE(U44," - ",T44) -> EUR - Euro | S44: Belgium | T44: Euro | U44: EUR
B45: =IF(B44="","",(IF((EDATE(B44,1))>(VLOOKUP($F$28,$B$20:$D$29,3,FALSE)),"",(EDATE(B44,1))))) | C45: 1 | O45: 3. Other direct costs | P45: 3.4 | R45: =CONCATENATE(U45," - ",T45) -> FJD - Fiji dollar | S45: Fiji | T45: Fiji dollar | U45: FJD
... B50: =IF(B49="","",(IF((EDATE(B49,1))>(VLOOKUP($F$28,$B$20:$D$29,3,FALSE)),"",(EDATE(B49,1))))) | C50: 1 | O50: 2. Travel | P50: 3.9 | R50: =CONCATENATE(U50," - ",T50) -> GIP - Gibraltar pound | S50: Gibraltar | T50: Gibraltar pound | U50: GIP
O51: 3. Other direct costs | P51: 3.1 | R51: =CONCATENATE(U51," - ",T51) -> GMD - Gambian dalasi | S51: Gambia (the) | T51: Gambian dalasi | U51: GMD
O52: 3. Other direct costs | P52: 3.11 | R52: =CONCATENATE(U52," - ",T52) -> GNF - Guinean franc | S52: Guinea | T52: Guinean franc | U52: GNF
O53: 3. Other direct costs | P53: 3.12 | R53: =CONCATENATE(U53," - ",T53) -> GNF - Guinean franc | S53: Guinea | T53: Guinean franc | U53: GNF
O54: 3. Other direct costs | P54: 3.13 | R54: =CONCATENATE(U54," - ",T54) -> GTQ - Guatemalan quetzal | S54: Guatemala | T54: Guatemalan quetzal | U54: GTQ
O55: 3. Other direct costs | P55: 3.14 | R55: =CONCATENATE(U55," - ",T55) -> GYD - Guyana dollar | S55: Guyana | T55: Guyana dollar | U55: GYD
O56: 3. Other direct costs | P56: 3.15 | R56: =CONCATENATE(U56," - ",T56) -> HKD - Hong Kong dollar | S56: Hong Kong | T56: Hong Kong dollar | U56: HKD
O57: 3. Other direct costs | P57: 3.16 | R57: =CONCATENATE(U57," - ",T57) -> HNL - Honduran lempira | S57: Honduras | T57: Honduran lempira | U57: HNL
O58: 3. Other direct costs | P58: 3.17 | R58: =CONCATENATE(U58," - ",T58) -> HTG - Haitian gourde | S58: Haiti | T58: Haitian gourde | U58: HTG
O59: 3. Other direct costs | P59: 3.18 | R59: =CONCATENATE(U59," - ",T59) -> HUF - Hungarian forint | S59: Hungary | T59: Hungarian forint | U59: HUF
O60: 3. Other direct costs | P60: 3.19 | R60: =CONCATENATE(U60," - ",T60) -> IDR - Indonesian rupiah | S60: Indonesia | T60: Indonesian rupiah | U60: IDR
O61: 3. Other direct costs | P61: 3.2 | R61: =CONCATENATE(U61," - ",T61) -> ILS - New Israeli shekel | S61: Israel | T61: New Israeli shekel | U61: ILS
O62: 3. Other direct costs | P62: 3.21 | R62: =CONCATENATE(U62," - ",T62) -> INR - Indian rupee | S62: India | T62: Indian rupee | U62: INR
... O71: 3. Other direct costs | P71: 3.3 | R71: =CONCATENATE(U71," - ",T71) -> KHR - Cambodian riel | S71: Cambodia | T71: Cambodian riel | U71: KHR
R72: =CONCATENATE(U72," - ",T72) -> KMF - Comorian franc | S72: Comoros | T72: Comorian franc | U72: KMF
R73: =CONCATENATE(U73," - ",T73) -> KRW - South Korean won | S73: South Korea | T73: South Korean won | U73: KRW
R74: =CONCATENATE(U74," - ",T74) -> KWD - Kuwaiti dinar | S74: Kuwait | T74: Kuwaiti dinar | U74: KWD
R75: =CONCATENATE(U75," - ",T75) -> KYD - Cayman Islands dollar | S75: Cayman Islands | T75: Cayman Islands dollar | U75: KYD
R76: =CONCATENATE(U76," - ",T76) -> KZT - Kazakhstani tenge | S76: Kazakhstan | T76: Kazakhstani tenge | U76: KZT
R77: =CONCATENATE(U77," - ",T77) -> LAK - Lao kip | S77: Laos | T77: Lao kip | U77: LAK
R78: =CONCATENATE(U78," - ",T78) -> LBP - Lebanese pound | S78: Lebanon | T78: Lebanese pound | U78: LBP
R79: =CONCATENATE(U79," - ",T79) -> LKR - Sri Lankan rupee | S79: Sri Lanka | T79: Sri Lankan rupee | U79: LKR
R80: =CONCATENATE(U80," - ",T80) -> LRD - Liberian dollar | S80: Liberia | T80: Liberian dollar | U80: LRD
R81: =CONCATENATE(U81," - ",T81) -> LSL - Lesotho loti | S81: Lesotho | T81: Lesotho loti | U81: LSL
R82: =CONCATENATE(U82," - ",T82) -> LYD - Libyan dinar | S82: Libya | T82: Libyan dinar | U82: LYD
R83: =CONCATENATE(U83," - ",T83) -> MAD - Moroccan dirham | S83: Morocco | T83: Moroccan dirham | U83: MAD
... R156: =CONCATENATE(U156," - ",T156) -> ZMW - Zambian Kwacha | S156: Zambia | T156: Zambian Kwacha | U156: ZMW

Sheet List of expenditure
D2: Action Title | E2: ='Coversheet & Instructions'!C2 -> Action Title
D3: Grant Contract No. | E3: ='Coversheet & Instructions'!C3 -> Grant Contract No. | K3: Total direct cost reported
D4: Report No. | E4: ='Coversheet & Instructions'!F28 -> IR1 | F4: Rerporting Period Start Date | G4: =VLOOKUP(E4,'Coversheet & Instructions'!B20:D29,2,FALSE) -> 46204 | H4: Reporting Period End Date | I4: =VLOOKUP(E4,'Coversheet & Instructions'!B20:D29,3,FALSE) -> 46568 | K4: =SUM(Table1[Amount in EUR]) -> 0
A6: List of Expenditure
A7: V-NO | B7: Beneficiary | C7: Accounting Reference | D7: Main Budget Heading | E7: Budget Line | F7: Description | G7: Invoice Date (for staff costs please enter last date of applicable salary month) | H7: Recipient (e.g. supplier, traveller, staff member) | I7: Amount in original currency | J7: Original currency | K7: Exchange rate | L7: Amount in EUR | M7: Period Check | N7: Exchange Rate Check
A8: 1 | J8: EUR | K8: =+IFERROR(INDEX(Table5[],MATCH(DATE(YEAR(G8),MONTH(G8),1),Table5[Month],0),MATCH(J8,Table5[#Headers],0)),"Rate Not Found") -> Rate Not Found | L8: =IF(Table1[[#This Row],[Amount in original currency]]=0,"",(Table1[[#This Row],[Amount in original currency]]/Table1[[#This Row],[Exchange rate]])) | M8: =IF(ISBLANK(G8),"",IF(AND(G8>=$G$4,G8<=$I$4),"Within","Outside reporting period")) | N8: =IF(OR(ISBLANK(J8),ISBLANK(G8),ISBLANK(K8)),"",IFERROR(IF(K8=INDEX('EC Rates Auto Load '!$F$2:$K$154,MATCH(J8,'EC Rates Auto Load '!$C$2:$C$154,0),MONTH(G8)),"Correct Fx Rate","Incorrect FX Rate"),"Currency not found"))
A9: 2 | J9: EUR | K9: =+IFERROR(INDEX(Table5[],MATCH(DATE(YEAR(G9),MONTH(G9),1),Table5[Month],0),MATCH(J9,Table5[#Headers],0)),"Rate Not Found") -> Rate Not Found | L9: =IF(Table1[[#This Row],[Amount in original currency]]=0,"",(Table1[[#This Row],[Amount in original currency]]/Table1[[#This Row],[Exchange rate]])) | M9: =IF(ISBLANK(G9),"",IF(AND(G9>=$G$4,G9<=$I$4),"Within","Outside reporting period")) | N9: =IF(OR(ISBLANK(J9),ISBLANK(G9),ISBLANK(K9)),"",IFERROR(IF(K9=INDEX('EC Rates Auto Load '!$F$2:$K$154,MATCH(J9,'EC Rates Auto Load '!$C$2:$C$154,0),MONTH(G9)),"Correct Fx Rate","Incorrect FX Rate"),"Currency not found"))
A10: 3 | J10: EUR | K10: =+IFERROR(INDEX(Table5[],MATCH(DATE(YEAR(G10),MONTH(G10),1),Table5[Month],0),MATCH(J10,Table5[#Headers],0)),"Rate Not Found") -> Rate Not Found | L10: =IF(Table1[[#This Row],[Amount in original currency]]=0,"",(Table1[[#This Row],[Amount in original currency]]/Table1[[#This Row],[Exchange rate]])) | M10: =IF(ISBLANK(G10),"",IF(AND(G10>=$G$4,G10<=$I$4),"Within","Outside reporting period")) | N10: =IF(OR(ISBLANK(J10),ISBLANK(G10),ISBLANK(K10)),"",IFERROR(IF(K10=INDEX('EC Rates Auto Load '!$F$2:$K$154,MATCH(J10,'EC Rates Auto Load '!$C$2:$C$154,0),MONTH(G10)),"Correct Fx Rate","Incorrect FX Rate"),"Currency not found"))
A11: … | J11: EUR | K11: =+IFERROR(INDEX(Table5[],MATCH(DATE(YEAR(G11),MONTH(G11),1),Table5[Month],0),MATCH(J11,Table5[#Headers],0)),"Rate Not Found") -> Rate Not Found | L11: =IF(Table1[[#This Row],[Amount in original currency]]=0,"",(Table1[[#This Row],[Amount in original currency]]/Table1[[#This Row],[Exchange rate]])) | M11: =IF(ISBLANK(G11),"",IF(AND(G11>=$G$4,G11<=$I$4),"Within","Outside reporting period")) | N11: =IF(OR(ISBLANK(J11),ISBLANK(G11),ISBLANK(K11)),"",IFERROR(IF(K11=INDEX('EC Rates Auto Load '!$F$2:$K$154,MATCH(J11,'EC Rates Auto Load '!$C$2:$C$154,0),MONTH(G11)),"Correct Fx Rate","Incorrect FX Rate"),"Currency not found"))
J12: EUR | K12: =+IFERROR(INDEX(Table5[],MATCH(DATE(YEAR(G12),MONTH(G12),1),Table5[Month],0),MATCH(J12,Table5[#Headers],0)),"Rate Not Found") -> Rate Not Found | L12: =IF(Table1[[#This Row],[Amount in original currency]]=0,"",(Table1[[#This Row],[Amount in original currency]]/Table1[[#This Row],[Exchange rate]])) | M12: =IF(ISBLANK(G12),"",IF(AND(G12>=$G$4,G12<=$I$4),"Within","Outside reporting period")) | N12: =IF(OR(ISBLANK(J12),ISBLANK(G12),ISBLANK(K12)),"",IFERROR(IF(K12=INDEX('EC Rates Auto Load '!$F$2:$K$154,MATCH(J12,'EC Rates Auto Load '!$C$2:$C$154,0),MONTH(G12)),"Correct Fx Rate","Incorrect FX Rate"),"Currency not found"))
J13: EUR | K13: =+IFERROR(INDEX(Table5[],MATCH(DATE(YEAR(G13),MONTH(G13),1),Table5[Month],0),MATCH(J13,Table5[#Headers],0)),"Rate Not Found") -> Rate Not Found | L13: =IF(Table1[[#This Row],[Amount in original currency]]=0,"",(Table1[[#This Row],[Amount in original currency]]/Table1[[#This Row],[Exchange rate]])) | M13: =IF(ISBLANK(G13),"",IF(AND(G13>=$G$4,G13<=$I$4),"Within","Outside reporting period")) | N13: =IF(OR(ISBLANK(J13),ISBLANK(G13),ISBLANK(K13)),"",IFERROR(IF(K13=INDEX('EC Rates Auto Load '!$F$2:$K$154,MATCH(J13,'EC Rates Auto Load '!$C$2:$C$154,0),MONTH(G13)),"Correct Fx Rate","Incorrect FX Rate"),"Currency not found"))
J14: EUR | K14: =+IFERROR(INDEX(Table5[],MATCH(DATE(YEAR(G14),MONTH(G14),1),Table5[Month],0),MATCH(J14,Table5[#Headers],0)),"Rate Not Found") -> Rate Not Found | L14: =IF(Table1[[#This Row],[Amount in original currency]]=0,"",(Table1[[#This Row],[Amount in original currency]]/Table1[[#This Row],[Exchange rate]])) | M14: =IF(ISBLANK(G14),"",IF(AND(G14>=$G$4,G14<=$I$4),"Within","Outside reporting period")) | N14: =IF(OR(ISBLANK(J14),ISBLANK(G14),ISBLANK(K14)),"",IFERROR(IF(K14=INDEX('EC Rates Auto Load '!$F$2:$K$154,MATCH(J14,'EC Rates Auto Load '!$C$2:$C$154,0),MONTH(G14)),"Correct Fx Rate","Incorrect FX Rate"),"Currency not found"))
J15: EUR | K15: =+IFERROR(INDEX(Table5[],MATCH(DATE(YEAR(G15),MONTH(G15),1),Table5[Month],0),MATCH(J15,Table5[#Headers],0)),"Rate Not Found") -> Rate Not Found | L15: =IF(Table1[[#This Row],[Amount in original currency]]=0,"",(Table1[[#This Row],[Amount in original currency]]/Table1[[#This Row],[Exchange rate]])) | M15: =IF(ISBLANK(G15),"",IF(AND(G15>=$G$4,G15<=$I$4),"Within","Outside reporting period")) | N15: =IF(OR(ISBLANK(J15),ISBLANK(G15),ISBLANK(K15)),"",IFERROR(IF(K15=INDEX('EC Rates Auto Load '!$F$2:$K$154,MATCH(J15,'EC Rates Auto Load '!$C$2:$C$154,0),MONTH(G15)),"Correct Fx Rate","Incorrect FX Rate"),"Currency not found"))
J16: EUR | K16: =+IFERROR(INDEX(Table5[],MATCH(DATE(YEAR(G16),MONTH(G16),1),Table5[Month],0),MATCH(J16,Table5[#Headers],0)),"Rate Not Found") -> Rate Not Found | L16: =IF(Table1[[#This Row],[Amount in original currency]]=0,"",(Table1[[#This Row],[Amount in original currency]]/Table1[[#This Row],[Exchange rate]])) | M16: =IF(ISBLANK(G16),"",IF(AND(G16>=$G$4,G16<=$I$4),"Within","Outside reporting period")) | N16: =IF(OR(ISBLANK(J16),ISBLANK(G16),ISBLANK(K16)),"",IFERROR(IF(K16=INDEX('EC Rates Auto Load '!$F$2:$K$154,MATCH(J16,'EC Rates Auto Load '!$C$2:$C$154,0),MONTH(G16)),"Correct Fx Rate","Incorrect FX Rate"),"Currency not found"))
J17: EUR | K17: =+IFERROR(INDEX(Table5[],MATCH(DATE(YEAR(G17),MONTH(G17),1),Table5[Month],0),MATCH(J17,Table5[#Headers],0)),"Rate Not Found") -> Rate Not Found | L17: =IF(Table1[[#This Row],[Amount in original currency]]=0,"",(Table1[[#This Row],[Amount in original currency]]/Table1[[#This Row],[Exchange rate]])) | M17: =IF(ISBLANK(G17),"",IF(AND(G17>=$G$4,G17<=$I$4),"Within","Outside reporting period")) | N17: =IF(OR(ISBLANK(J17),ISBLANK(G17),ISBLANK(K17)),"",IFERROR(IF(K17=INDEX('EC Rates Auto Load '!$F$2:$K$154,MATCH(J17,'EC Rates Auto Load '!$C$2:$C$154,0),MONTH(G17)),"Correct Fx Rate","Incorrect FX Rate"),"Currency not found"))
J18: EUR | K18: =+IFERROR(INDEX(Table5[],MATCH(DATE(YEAR(G18),MONTH(G18),1),Table5[Month],0),MATCH(J18,Table5[#Headers],0)),"Rate Not Found") -> Rate Not Found | L18: =IF(Table1[[#This Row],[Amount in original currency]]=0,"",(Table1[[#This Row],[Amount in original currency]]/Table1[[#This Row],[Exchange rate]])) | M18: =IF(ISBLANK(G18),"",IF(AND(G18>=$G$4,G18<=$I$4),"Within","Outside reporting period")) | N18: =IF(OR(ISBLANK(J18),ISBLANK(G18),ISBLANK(K18)),"",IFERROR(IF(K18=INDEX('EC Rates Auto Load '!$F$2:$K$154,MATCH(J18,'EC Rates Auto Load '!$C$2:$C$154,0),MONTH(G18)),"Correct Fx Rate","Incorrect FX Rate"),"Currency not found"))
J19: EUR | K19: =+IFERROR(INDEX(Table5[],MATCH(DATE(YEAR(G19),MONTH(G19),1),Table5[Month],0),MATCH(J19,Table5[#Headers],0)),"Rate Not Found") -> Rate Not Found | L19: =IF(Table1[[#This Row],[Amount in original currency]]=0,"",(Table1[[#This Row],[Amount in original currency]]/Table1[[#This Row],[Exchange rate]])) | M19: =IF(ISBLANK(G19),"",IF(AND(G19>=$G$4,G19<=$I$4),"Within","Outside reporting period")) | N19: =IF(OR(ISBLANK(J19),ISBLANK(G19),ISBLANK(K19)),"",IFERROR(IF(K19=INDEX('EC Rates Auto Load '!$F$2:$K$154,MATCH(J19,'EC Rates Auto Load '!$C$2:$C$154,0),MONTH(G19)),"Correct Fx Rate","Incorrect FX Rate"),"Currency not found"))
J20: EUR | K20: =+IFERROR(INDEX(Table5[],MATCH(DATE(YEAR(G20),MONTH(G20),1),Table5[Month],0),MATCH(J20,Table5[#Headers],0)),"Rate Not Found") -> Rate Not Found | L20: =IF(Table1[[#This Row],[Amount in original currency]]=0,"",(Table1[[#This Row],[Amount in original currency]]/Table1[[#This Row],[Exchange rate]])) | M20: =IF(ISBLANK(G20),"",IF(AND(G20>=$G$4,G20<=$I$4),"Within","Outside reporting period")) | N20: =IF(OR(ISBLANK(J20),ISBLANK(G20),ISBLANK(K20)),"",IFERROR(IF(K20=INDEX('EC Rates Auto Load '!$F$2:$K$154,MATCH(J20,'EC Rates Auto Load '!$C$2:$C$154,0),MONTH(G20)),"Correct Fx Rate","Incorrect FX Rate"),"Currency not found"))
J21: EUR | K21: =+IFERROR(INDEX(Table5[],MATCH(DATE(YEAR(G21),MONTH(G21),1),Table5[Month],0),MATCH(J21,Table5[#Headers],0)),"Rate Not Found") -> Rate Not Found | L21: =IF(Table1[[#This Row],[Amount in original currency]]=0,"",(Table1[[#This Row],[Amount in original currency]]/Table1[[#This Row],[Exchange rate]])) | M21: =IF(ISBLANK(G21),"",IF(AND(G21>=$G$4,G21<=$I$4),"Within","Outside reporting period")) | N21: =IF(OR(ISBLANK(J21),ISBLANK(G21),ISBLANK(K21)),"",IFERROR(IF(K21=INDEX('EC Rates Auto Load '!$F$2:$K$154,MATCH(J21,'EC Rates Auto Load '!$C$2:$C$154,0),MONTH(G21)),"Correct Fx Rate","Incorrect FX Rate"),"Currency not found"))
J22: EUR | K22: =+IFERROR(INDEX(Table5[],MATCH(DATE(YEAR(G22),MONTH(G22),1),Table5[Month],0),MATCH(J22,Table5[#Headers],0)),"Rate Not Found") -> Rate Not Found | L22: =IF(Table1[[#This Row],[Amount in original currency]]=0,"",(Table1[[#This Row],[Amount in original currency]]/Table1[[#This Row],[Exchange rate]])) | M22: =IF(ISBLANK(G22),"",IF(AND(G22>=$G$4,G22<=$I$4),"Within","Outside reporting period")) | N22: =IF(OR(ISBLANK(J22),ISBLANK(G22),ISBLANK(K22)),"",IFERROR(IF(K22=INDEX('EC Rates Auto Load '!$F$2:$K$154,MATCH(J22,'EC Rates Auto Load '!$C$2:$C$154,0),MONTH(G22)),"Correct Fx Rate","Incorrect FX Rate"),"Currency not found"))
J23: EUR | K23: =+IFERROR(INDEX(Table5[],MATCH(DATE(YEAR(G23),MONTH(G23),1),Table5[Month],0),MATCH(J23,Table5[#Headers],0)),"Rate Not Found") -> Rate Not Found | L23: =IF(Table1[[#This Row],[Amount in original currency]]=0,"",(Table1[[#This Row],[Amount in original currency]]/Table1[[#This Row],[Exchange rate]])) | M23: =IF(ISBLANK(G23),"",IF(AND(G23>=$G$4,G23<=$I$4),"Within","Outside reporting period")) | N23: =IF(OR(ISBLANK(J23),ISBLANK(G23),ISBLANK(K23)),"",IFERROR(IF(K23=INDEX('EC Rates Auto Load '!$F$2:$K$154,MATCH(J23,'EC Rates Auto Load '!$C$2:$C$154,0),MONTH(G23)),"Correct Fx Rate","Incorrect FX Rate"),"Currency not found"))
... J41: EUR | K41: =+IFERROR(INDEX(Table5[],MATCH(DATE(YEAR(G41),MONTH(G41),1),Table5[Month],0),MATCH(J41,Table5[#Headers],0)),"Rate Not Found") -> Rate Not Found | L41: =IF(Table1[[#This Row],[Amount in original currency]]=0,"",(Table1[[#This Row],[Amount in original currency]]/Table1[[#This Row],[Exchange rate]])) | M41: =IF(ISBLANK(G41),"",IF(AND(G41>=$G$4,G41<=$I$4),"Within","Outside reporting period")) | N41: =IF(OR(ISBLANK(J41),ISBLANK(G41),ISBLANK(K41)),"",IFERROR(IF(K41=INDEX('EC Rates Auto Load '!$F$2:$K$154,MATCH(J41,'EC Rates Auto Load '!$C$2:$C$154,0),MONTH(G41)),"Correct Fx Rate","Incorrect FX Rate"),"Currency not found"))
K42: =+IFERROR(INDEX(Table5[],MATCH(DATE(YEAR(G42),MONTH(G42),1),Table5[Month],0),MATCH(J42,Table5[#Headers],0)),"Rate Not Found") -> Rate Not Found | L42: =IF(Table1[[#This Row],[Amount in original currency]]=0,"",(Table1[[#This Row],[Amount in original currency]]/Table1[[#This Row],[Exchange rate]])) | M42: =IF(ISBLANK(G42),"",IF(AND(G42>=$G$4,G42<=$I$4),"Within","Outside reporting period")) | N42: =IF(OR(ISBLANK(J42),ISBLANK(G42),ISBLANK(K42)),"",IFERROR(IF(K42=INDEX('EC Rates Auto Load '!$F$2:$K$154,MATCH(J42,'EC Rates Auto Load '!$C$2:$C$154,0),MONTH(G42)),"Correct Fx Rate","Incorrect FX Rate"),"Currency not found"))
K43: =+IFERROR(INDEX(Table5[],MATCH(DATE(YEAR(G43),MONTH(G43),1),Table5[Month],0),MATCH(J43,Table5[#Headers],0)),"Rate Not Found") -> Rate Not Found | L43: =IF(Table1[[#This Row],[Amount in original currency]]=0,"",(Table1[[#This Row],[Amount in original currency]]/Table1[[#This Row],[Exchange rate]])) | M43: =IF(ISBLANK(G43),"",IF(AND(G43>=$G$4,G43<=$I$4),"Within","Outside reporting period")) | N43: =IF(OR(ISBLANK(J43),ISBLANK(G43),ISBLANK(K43)),"",IFERROR(IF(K43=INDEX('EC Rates Auto Load '!$F$2:$K$154,MATCH(J43,'EC Rates Auto Load '!$C$2:$C$154,0),MONTH(G43)),"Correct Fx Rate","Incorrect FX Rate"),"Currency not found"))
K44: =+IFERROR(INDEX(Table5[],MATCH(DATE(YEAR(G44),MONTH(G44),1),Table5[Month],0),MATCH(J44,Table5[#Headers],0)),"Rate Not Found") -> Rate Not Found | L44: =IF(Table1[[#This Row],[Amount in original currency]]=0,"",(Table1[[#This Row],[Amount in original currency]]/Table1[[#This Row],[Exchange rate]])) | M44: =IF(ISBLANK(G44),"",IF(AND(G44>=$G$4,G44<=$I$4),"Within","Outside reporting period")) | N44: =IF(OR(ISBLANK(J44),ISBLANK(G44),ISBLANK(K44)),"",IFERROR(IF(K44=INDEX('EC Rates Auto Load '!$F$2:$K$154,MATCH(J44,'EC Rates Auto Load '!$C$2:$C$154,0),MONTH(G44)),"Correct Fx Rate","Incorrect FX Rate"),"Currency not found"))
K45: =+IFERROR(INDEX(Table5[],MATCH(DATE(YEAR(G45),MONTH(G45),1),Table5[Month],0),MATCH(J45,Table5[#Headers],0)),"Rate Not Found") -> Rate Not Found | L45: =IF(Table1[[#This Row],[Amount in original currency]]=0,"",(Table1[[#This Row],[Amount in original currency]]/Table1[[#This Row],[Exchange rate]])) | M45: =IF(ISBLANK(G45),"",IF(AND(G45>=$G$4,G45<=$I$4),"Within","Outside reporting period")) | N45: =IF(OR(ISBLANK(J45),ISBLANK(G45),ISBLANK(K45)),"",IFERROR(IF(K45=INDEX('EC Rates Auto Load '!$F$2:$K$154,MATCH(J45,'EC Rates Auto Load '!$C$2:$C$154,0),MONTH(G45)),"Correct Fx Rate","Incorrect FX Rate"),"Currency not found"))
K46: =+IFERROR(INDEX(Table5[],MATCH(DATE(YEAR(G46),MONTH(G46),1),Table5[Month],0),MATCH(J46,Table5[#Headers],0)),"Rate Not Found") -> Rate Not Found | L46: =IF(Table1[[#This Row],[Amount in original currency]]=0,"",(Table1[[#This Row],[Amount in original currency]]/Table1[[#This Row],[Exchange rate]])) | M46: =IF(ISBLANK(G46),"",IF(AND(G46>=$G$4,G46<=$I$4),"Within","Outside reporting period")) | N46: =IF(OR(ISBLANK(J46),ISBLANK(G46),ISBLANK(K46)),"",IFERROR(IF(K46=INDEX('EC Rates Auto Load '!$F$2:$K$154,MATCH(J46,'EC Rates Auto Load '!$C$2:$C$154,0),MONTH(G46)),"Correct Fx Rate","Incorrect FX Rate"),"Currency not found"))
K47: =+IFERROR(INDEX(Table5[],MATCH(DATE(YEAR(G47),MONTH(G47),1),Table5[Month],0),MATCH(J47,Table5[#Headers],0)),"Rate Not Found") -> Rate Not Found | L47: =IF(Table1[[#This Row],[Amount in original currency]]=0,"",(Table1[[#This Row],[Amount in original currency]]/Table1[[#This Row],[Exchange rate]])) | M47: =IF(ISBLANK(G47),"",IF(AND(G47>=$G$4,G47<=$I$4),"Within","Outside reporting period")) | N47: =IF(OR(ISBLANK(J47),ISBLANK(G47),ISBLANK(K47)),"",IFERROR(IF(K47=INDEX('EC Rates Auto Load '!$F$2:$K$154,MATCH(J47,'EC Rates Auto Load '!$C$2:$C$154,0),MONTH(G47)),"Correct Fx Rate","Incorrect FX Rate"),"Currency not found"))
K48: =+IFERROR(INDEX(Table5[],MATCH(DATE(YEAR(G48),MONTH(G48),1),Table5[Month],0),MATCH(J48,Table5[#Headers],0)),"Rate Not Found") -> Rate Not Found | L48: =IF(Table1[[#This Row],[Amount in original currency]]=0,"",(Table1[[#This Row],[Amount in original currency]]/Table1[[#This Row],[Exchange rate]])) | M48: =IF(ISBLANK(G48),"",IF(AND(G48>=$G$4,G48<=$I$4),"Within","Outside reporting period")) | N48: =IF(OR(ISBLANK(J48),ISBLANK(G48),ISBLANK(K48)),"",IFERROR(IF(K48=INDEX('EC Rates Auto Load '!$F$2:$K$154,MATCH(J48,'EC Rates Auto Load '!$C$2:$C$154,0),MONTH(G48)),"Correct Fx Rate","Incorrect FX Rate"),"Currency not found"))
K49: =+IFERROR(INDEX(Table5[],MATCH(DATE(YEAR(G49),MONTH(G49),1),Table5[Month],0),MATCH(J49,Table5[#Headers],0)),"Rate Not Found") -> Rate Not Found | L49: =IF(Table1[[#This Row],[Amount in original currency]]=0,"",(Table1[[#This Row],[Amount in original currency]]/Table1[[#This Row],[Exchange rate]])) | M49: =IF(ISBLANK(G49),"",IF(AND(G49>=$G$4,G49<=$I$4),"Within","Outside reporting period")) | N49: =IF(OR(ISBLANK(J49),ISBLANK(G49),ISBLANK(K49)),"",IFERROR(IF(K49=INDEX('EC Rates Auto Load '!$F$2:$K$154,MATCH(J49,'EC Rates Auto Load '!$C$2:$C$154,0),MONTH(G49)),"Correct Fx Rate","Incorrect FX Rate"),"Currency not found"))
K50: =+IFERROR(INDEX(Table5[],MATCH(DATE(YEAR(G50),MONTH(G50),1),Table5[Month],0),MATCH(J50,Table5[#Headers],0)),"Rate Not Found") -> Rate Not Found | L50: =IF(Table1[[#This Row],[Amount in original currency]]=0,"",(Table1[[#This Row],[Amount in original currency]]/Table1[[#This Row],[Exchange rate]])) | M50: =IF(ISBLANK(G50),"",IF(AND(G50>=$G$4,G50<=$I$4),"Within","Outside reporting period")) | N50: =IF(OR(ISBLANK(J50),ISBLANK(G50),ISBLANK(K50)),"",IFERROR(IF(K50=INDEX('EC Rates Auto Load '!$F$2:$K$154,MATCH(J50,'EC Rates Auto Load '!$C$2:$C$154,0),MONTH(G50)),"Correct Fx Rate","Incorrect FX Rate"),"Currency not found"))
K51: =+IFERROR(INDEX(Table5[],MATCH(DATE(YEAR(G51),MONTH(G51),1),Table5[Month],0),MATCH(J51,Table5[#Headers],0)),"Rate Not Found") -> Rate Not Found | L51: =IF(Table1[[#This Row],[Amount in original currency]]=0,"",(Table1[[#This Row],[Amount in original currency]]/Table1[[#This Row],[Exchange rate]])) | M51: =IF(ISBLANK(G51),"",IF(AND(G51>=$G$4,G51<=$I$4),"Within","Outside reporting period")) | N51: =IF(OR(ISBLANK(J51),ISBLANK(G51),ISBLANK(K51)),"",IFERROR(IF(K51=INDEX('EC Rates Auto Load '!$F$2:$K$154,MATCH(J51,'EC Rates Auto Load '!$C$2:$C$154,0),MONTH(G51)),"Correct Fx Rate","Incorrect FX Rate"),"Currency not found"))
K52: =+IFERROR(INDEX(Table5[],MATCH(DATE(YEAR(G52),MONTH(G52),1),Table5[Month],0),MATCH(J52,Table5[#Headers],0)),"Rate Not Found") -> Rate Not Found | L52: =IF(Table1[[#This Row],[Amount in original currency]]=0,"",(Table1[[#This Row],[Amount in original currency]]/Table1[[#This Row],[Exchange rate]])) | M52: =IF(ISBLANK(G52),"",IF(AND(G52>=$G$4,G52<=$I$4),"Within","Outside reporting period")) | N52: =IF(OR(ISBLANK(J52),ISBLANK(G52),ISBLANK(K52)),"",IFERROR(IF(K52=INDEX('EC Rates Auto Load '!$F$2:$K$154,MATCH(J52,'EC Rates Auto Load '!$C$2:$C$154,0),MONTH(G52)),"Correct Fx Rate","Incorrect FX Rate"),"Currency not found"))
K53: =+IFERROR(INDEX(Table5[],MATCH(DATE(YEAR(G53),MONTH(G53),1),Table5[Month],0),MATCH(J53,Table5[#Headers],0)),"Rate Not Found") -> Rate Not Found | L53: =IF(Table1[[#This Row],[Amount in original currency]]=0,"",(Table1[[#This Row],[Amount in original currency]]/Table1[[#This Row],[Exchange rate]])) | M53: =IF(ISBLANK(G53),"",IF(AND(G53>=$G$4,G53<=$I$4),"Within","Outside reporting period")) | N53: =IF(OR(ISBLANK(J53),ISBLANK(G53),ISBLANK(K53)),"",IFERROR(IF(K53=INDEX('EC Rates Auto Load '!$F$2:$K$154,MATCH(J53,'EC Rates Auto Load '!$C$2:$C$154,0),MONTH(G53)),"Correct Fx Rate","Incorrect FX Rate"),"Currency not found"))
... K197: =+IFERROR(INDEX(Table5[],MATCH(DATE(YEAR(G197),MONTH(G197),1),Table5[Month],0),MATCH(J197,Table5[#Headers],0)),"Rate Not Found") -> Rate Not Found | L197: =IF(Table1[[#This Row],[Amount in original currency]]=0,"",(Table1[[#This Row],[Amount in original currency]]/Table1[[#This Row],[Exchange rate]])) | M197: =IF(ISBLANK(G197),"",IF(AND(G197>=$G$4,G197<=$I$4),"Within","Outside reporting period")) | N197: =IF(OR(ISBLANK(J197),ISBLANK(G197),ISBLANK(K197)),"",IFERROR(IF(K197=INDEX('EC Rates Auto Load '!$F$2:$K$154,MATCH(J197,'EC Rates Auto Load '!$C$2:$C$154,0),MONTH(G197)),"Correct Fx Rate","Incorrect FX Rate"),"Currency not found"))

Sheet Interim report 
A2: Interim Financial Report | B2: Report No. | C2: ='Coversheet & Instructions'!F28 -> IR1 | G2: Action Title | H2: ='Coversheet & Instructions'!C2 -> Action Title
B3: Report Start Date | C3: =VLOOKUP(C2,'Coversheet & Instructions'!B20:D29,2,FALSE) -> 46204 | D3: Report End Date | E3: =VLOOKUP(C2,'Coversheet & Instructions'!B20:D29,3,FALSE) -> 46568 | G3: Grant Contract No. | H3: ='Coversheet & Instructions'!C3 -> Grant Contract No.
G4: Grant Contract Implementation Period | H4: Start Date | I4: ='Coversheet & Instructions'!E4 -> 46204 | J4: End Date | K4: ='Coversheet & Instructions'!G4 -> 47664
B6: Budget as per contract/addendum | F6: Reallocation | G6: Expenditure incurred | L6: Forecast | O6: Balance
B7: Unit | C7: # Units | D7: Unit rate (in EUR) | E7: Total Cost (in EUR) | F7: allowed reallocation (Article 9.4 of the GC) | G7: # Units | H7: Unit rate (in EUR) | I7: Total Cost (in EUR) | J7: Cumulated costs (before current report) (in EUR) | K7: Cumulated costs (from start of implementation to present report included) (in EUR) | L7: # Units | M7: Unit rate (in EUR) | N7: Total Cost (in EUR)
C8: (a) | D8: (b) | E8: (c) = a*b | G8: (d) | H8: (e) | I8: (f) = d*e | J8: (g) | K8: (h) = f+g | L8: (i) | M8: (j) | N8: (k) = i*j | O8: (l) = c-h-k
A9: 1. Human Resources (gross salaries including social security charges and other related costs, local and international staff)
A10: 1.1 XXX | E10: =C10*D10 -> 0 | I10: =G10*H10 -> 0 | K10: =I10+J10 -> 0 | N10: =L10*M10 -> 0 | O10: =E10-K10-N10 -> 0
A11: 1.2 XXX | E11: =C11*D11 -> 0 | I11: =G11*H11 -> 0 | K11: =I11+J11 -> 0 | N11: =L11*M11 -> 0 | O11: =E11-K11-N11 -> 0
A12: Subtotal Human Resources | E12: =SUM(E9:E11) -> 0 | I12: =SUM(I9:I11) -> 0 | J12: =SUM(J9:J11) -> 0 | K12: =SUM(K9:K11) -> 0 | N12: =SUM(N9:N11) -> 0 | O12: =E12-K12-N12 -> 0
A13: 2. Travel
A14: International travel
A15: 2.1 XXX | E15: =C15*D15 -> 0 | I15: =G15*H15 -> 0 | K15: =I15+J15 -> 0 | N15: =L15*M15 -> 0 | O15: =E15-K15-N15 -> 0
A16: 2.2 Travel related costs (visas, translation for visas, etc.) | E16: =C16*D16 -> 0 | I16: =G16*H16 -> 0 | K16: =I16+J16 -> 0 | N16: =L16*M16 -> 0 | O16: =E16-K16-N16 -> 0
A17: Local transportation
A18: 2.3 XXX | E18: =C18*D18 -> 0 | I18: =G18*H18 -> 0 | K18: =I18+J18 -> 0 | N18: =L18*M18 -> 0 | O18: =E18-K18-N18 -> 0
A19: 2.4 XXX | E19: =C19*D19 -> 0 | I19: =G19*H19 -> 0 | K19: =I19+J19 -> 0 | N19: =L19*M19 -> 0 | O19: =E19-K19-N19 -> 0
A20: Per diems/DSA for missions/travel
A21: 2.5 Abroad/International per diem | E21: =C21*D21 -> 0 | I21: =G21*H21 -> 0 | K21: =I21+J21 -> 0 | N21: =L21*M21 -> 0 | O21: =E21-K21-N21 -> 0
A22: 2.6 Local/in-country per diem | E22: =C22*D22 -> 0 | I22: =G22*H22 -> 0 | K22: =I22+J22 -> 0 | N22: =L22*M22 -> 0 | O22: =E22-K22-N22 -> 0
A23: Subtotal Travel | E23: =SUM(E13:E22) -> 0 | I23: =SUM(I13:I22) -> 0 | J23: =SUM(J13:J22) -> 0 | K23: =SUM(K13:K22) -> 0 | N23: =SUM(N13:N22) -> 0 | O23: =E23-K23-N23 -> 0
A24: 3. Other Direct Costs
A25: Purchase or rent of vehicles
A26: 3.1 XXX | E26: =C26*D26 -> 0 | I26: =G26*H26 -> 0 | K26: =I26+J26 -> 0 | N26: =L26*M26 -> 0 | O26: =E26-K26-N26 -> 0
A27: Computer equipment and other machinery, tools, and related spare parts/accessories
A28: 3.2 XXX | E28: =C28*D28 -> 0 | I28: =G28*H28 -> 0 | K28: =I28+J28 -> 0 | N28: =L28*M28 -> 0 | O28: =E28-K28-N28 -> 0
A29: Office costs
A30: 3.5 Office rent | E30: =C30*D30 -> 0 | I30: =G30*H30 -> 0 | K30: =I30+J30 -> 0 | N30: =L30*M30 -> 0 | O30: =E30-K30-N30 -> 0
A31: 3.6 Office supplies, services and utilities (tel/internet, electricity/heating, maintenance) | E31: =C31*D31 -> 0 | I31: =G31*H31 -> 0 | K31: =I31+J31 -> 0 | N31: =L31*M31 -> 0 | O31: =E31-K31-N31 -> 0
A32: Publications, studies, research
A33: 3.7 XXX | E33: =C33*D33 -> 0 | I33: =G33*H33 -> 0 | K33: =I33+J33 -> 0 | N33: =L33*M33 -> 0 | O33: =E33-K33-N33 -> 0
A34: Translation, interpreting
A35: 3.8 XX | E35: =C35*D35 -> 0 | I35: =G35*H35 -> 0 | K35: =I35+J35 -> 0 | N35: =L35*M35 -> 0 | O35: =E35-K35-N35 -> 0
A36: 3.9 Interpreting | E36: =C36*D36 -> 0 | I36: =G36*H36 -> 0 | K36: =I36+J36 -> 0 | N36: =L36*M36 -> 0 | O36: =E36-K36-N36 -> 0
A37: 3.10 Interpreting equipment (booths, headphones, etc.) | E37: =C37*D37 -> 0 | I37: =G37*H37 -> 0 | K37: =I37+J37 -> 0 | N37: =L37*M37 -> 0 | O37: =E37-K37-N37 -> 0
A38: Costs of conferences/seminars/other events
A39: 3.11 XXX | E39: =C39*D39 -> 0 | I39: =G39*H39 -> 0 | K39: =I39+J39 -> 0 | N39: =L39*M39 -> 0 | O39: =E39-K39-N39 -> 0
A40: Costs of trainings/capacity building
A41: 3.12 XXX | E41: =C41*D41 -> 0 | I41: =G41*H41 -> 0 | K41: =I41+J41 -> 0 | N41: =L41*M41 -> 0 | O41: =E41-K41-N41 -> 0
A42: Communication and Visibility actions, tools, materials, and platforms
A43: 3.13 XXX | E43: =C43*D43 -> 0 | I43: =G43*H43 -> 0 | K43: =I43+J43 -> 0 | N43: =L43*M43 -> 0 | O43: =E43-K43-N43 -> 0
A44: External Professional Services (Consultants & Experts)
A45: 3.14 XXX | E45: =C45*D45 -> 0 | I45: =G45*H45 -> 0 | K45: =I45+J45 -> 0 | N45: =L45*M45 -> 0 | O45: =E45-K45-N45 -> 0
A46: Financial services (bank fees, etc.)
A47: 3.15 XXX | E47: =C47*D47 -> 0 | I47: =G47*H47 -> 0 | K47: =I47+J47 -> 0 | N47: =L47*M47 -> 0 | O47: =E47-K47-N47 -> 0
A48: Other (please specify)
A49: 3.16 XXX | E49: =C49*D49 -> 0 | I49: =G49*H49 -> 0 | K49: =I49+J49 -> 0 | N49: =L49*M49 -> 0 | O49: =E49-K49-N49 -> 0
A50: Subtotal Other direct costs | E50: =SUM(E24:E49) -> 0 | I50: =SUM(I24:I49) -> 0 | J50: =SUM(J24:J49) -> 0 | K50: =SUM(K24:K49) -> 0 | N50: =SUM(N24:N49) -> 0 | O50: =E50-K50-N50 -> 0
A51: 4. Subtotal direct eligible costs of the Action (1-3) | E51: =E12+E23+E50 -> 0 | I51: =I50+I23+I12 -> 0 | J51: =J50+J23+J12 -> 0 | K51: =K50+K23+K12 -> 0 | N51: =N50+N23+N12 -> 0 | O51: =E51-K51-N51 -> 0
A52: 5. Provision for contingency reserve (maximum 5% of '4. Subtotal of direct eligible costs of the Action (1-3)', subject to absolute maximum of 50,000 EUR) | D52: XX% | E52: =E51*1% -> 0 | H52: =D52 -> XX%
A53: 6. Total direct eligible costs of the Action (4+5) | E53: =E51+E52 -> 0 | I53: =I51+I52 -> 0 | J53: =J51+J52 -> 0 | K53: =K51+K52 -> 0 | N53: =N51+N52 -> 0 | O53: =E53-K53-N53 -> 0
A54: 7. Indirect costs (maximum 7% of '6. Total direct eligible costs of the Action') | D54: XX% | E54: =E53*7% -> 0 | H54: =D54 -> XX%
A55: 8. Total eligible costs (6+7) | E55: =E53+E54 -> 0 | I55: =I53+I54 -> 0 | J55: =J53+J54 -> 0 | K55: =K53+K54 -> 0 | N55: =N53+N54 -> 0 | O55: =E55-K55-N55 -> 0

Sheet Final report
A2: Final financial report | B2: Report No. | C2: Final Report | G2: Action Title | H2: ='Coversheet & Instructions'!C2 -> Action Title
B3: Start Date | C3: =VLOOKUP(C2,'Coversheet & Instructions'!B20:D29,2,FALSE) -> 47300 | D3: End Date | E3: =VLOOKUP(C2,'Coversheet & Instructions'!B20:D29,3,FALSE) -> 47664 | G3: Grant Contract No. | H3: ='Coversheet & Instructions'!C3 -> Grant Contract No.
G4: Implementation Period | H4: Start Date | I4: ='Coversheet & Instructions'!E4 -> 46204 | J4: End Date | K4: ='Coversheet & Instructions'!G4 -> 47664
B6: Budget as per contract/addendum | F6: Reallocation | G6: Expenditure incurred | L6: Variations in comparison with initial budget/addendum
B7: Unit | C7: # Units | D7: Unit rate (in EUR) | E7: Total Cost (in EUR) | F7: allowed reallocation (Article 9.4 of the GC) | G7: # Units | H7: Unit rate (in EUR) | I7: Total Cost (in EUR) | J7: Cumulated costs (before current report) (in EUR) | K7: Cumulated costs (from start of implementation to present report included) (in EUR) | L7: Absolute value in EUR | M7: In % | N7: Explanation for all variations
C8: (a) | D8: (b) | E8: (c) = a*b | G8: (d) | H8: (e) | I8: (f) = d*e | J8: (g) | K8: (h) = f+g | L8: (i) = c-h | M8: (j) = h/c
A9: 1. Human Resources (gross salaries including social security charges and other related costs, local and international staff)
A10: 1.1 XXX | E10: =C10*D10 -> 0 | I10: =G10*H10 -> 0 | K10: =I10+J10 -> 0 | L10: =E10-K10 -> 0 | M10: =K10/E10 -> #DIV/0!
A11: 1.2 XXX | E11: =C11*D11 -> 0 | I11: =G11*H11 -> 0 | K11: =I11+J11 -> 0 | L11: =E11-K11 -> 0 | M11: =K11/E11 -> #DIV/0!
A12: Subtotal Human Resources | E12: =SUM(E9:E11) -> 0 | I12: =SUM(I9:I11) -> 0 | J12: =SUM(J9:J11) -> 0 | K12: =SUM(K9:K11) -> 0 | L12: =E12-K12 -> 0 | M12: =K12/E12 -> #DIV/0!
A13: 2. Travel
A14: International travel
A15: 2.1 XXX | E15: =C15*D15 -> 0 | I15: =G15*H15 -> 0 | K15: =I15+J15 -> 0 | L15: =E15-K15 -> 0 | M15: =K15/E15 -> #DIV/0!
A16: 2.2 Travel related costs (visas, translation for visas, etc.) | E16: =C16*D16 -> 0 | I16: =G16*H16 -> 0 | K16: =I16+J16 -> 0 | L16: =E16-K16 -> 0 | M16: =K16/E16 -> #DIV/0!
A17: Local transportation
A18: 2.3 XXX | E18: =C18*D18 -> 0 | I18: =G18*H18 -> 0 | K18: =I18+J18 -> 0 | L18: =E18-K18 -> 0 | M18: =K18/E18 -> #DIV/0!
A19: 2.4 XXX | E19: =C19*D19 -> 0 | I19: =G19*H19 -> 0 | K19: =I19+J19 -> 0 | L19: =E19-K19 -> 0 | M19: =K19/E19 -> #DIV/0!
A20: Per diems/DSA for missions/travel
A21: 2.5 Abroad/International per diem | E21: =C21*D21 -> 0 | I21: =G21*H21 -> 0 | K21: =I21+J21 -> 0 | L21: =E21-K21 -> 0 | M21: =K21/E21 -> #DIV/0!
A22: 2.6 Local/in-country per diem | E22: =C22*D22 -> 0 | I22: =G22*H22 -> 0 | K22: =I22+J22 -> 0 | L22: =E22-K22 -> 0 | M22: =K22/E22 -> #DIV/0!
A23: Subtotal Travel | E23: =SUM(E13:E22) -> 0 | I23: =SUM(I13:I22) -> 0 | J23: =SUM(J13:J22) -> 0 | K23: =SUM(K13:K22) -> 0 | L23: =E23-K23 -> 0 | M23: =K23/E23 -> #DIV/0!
A24: 3. Other Direct Costs
A25: Purchase or rent of vehicles
A26: 3.1 XXX | E26: =C26*D26 -> 0 | I26: =G26*H26 -> 0 | K26: =I26+J26 -> 0 | L26: =E26-K26 -> 0 | M26: =K26/E26 -> #DIV/0!
A27: Computer equipment and other machinery, tools, and related spare parts/accessories
A28: 3.2 XXX | E28: =C28*D28 -> 0 | I28: =G28*H28 -> 0 | K28: =I28+J28 -> 0 | L28: =E28-K28 -> 0 | M28: =K28/E28 -> #DIV/0!
A29: Office costs
A30: 3.5 Office rent | E30: =C30*D30 -> 0 | I30: =G30*H30 -> 0 | K30: =I30+J30 -> 0 | L30: =E30-K30 -> 0 | M30: =K30/E30 -> #DIV/0!
A31: 3.6 Office supplies, services and utilities (tel/internet, electricity/heating, maintenance) | E31: =C31*D31 -> 0 | I31: =G31*H31 -> 0 | K31: =I31+J31 -> 0 | L31: =E31-K31 -> 0 | M31: =K31/E31 -> #DIV/0!
A32: Publications, studies, research
A33: 3.7 XXX | E33: =C33*D33 -> 0 | I33: =G33*H33 -> 0 | K33: =I33+J33 -> 0 | L33: =E33-K33 -> 0 | M33: =K33/E33 -> #DIV/0!
A34: Translation, interpreting
A35: 3.8 XX | E35: =C35*D35 -> 0 | I35: =G35*H35 -> 0 | K35: =I35+J35 -> 0 | L35: =E35-K35 -> 0 | M35: =K35/E35 -> #DIV/0!
A36: 3.9 Interpreting | E36: =C36*D36 -> 0 | I36: =G36*H36 -> 0 | K36: =I36+J36 -> 0 | L36: =E36-K36 -> 0 | M36: =K36/E36 -> #DIV/0!
A37: 3.10 Interpreting equipment (booths, headphones, etc.) | E37: =C37*D37 -> 0 | I37: =G37*H37 -> 0 | K37: =I37+J37 -> 0 | L37: =E37-K37 -> 0 | M37: =K37/E37 -> #DIV/0!
A38: Costs of conferences/seminars/other events
A39: 3.11 XXX | E39: =C39*D39 -> 0 | I39: =G39*H39 -> 0 | K39: =I39+J39 -> 0 | L39: =E39-K39 -> 0 | M39: =K39/E39 -> #DIV/0!
A40: Costs of trainings/capacity building
A41: 3.12 XXX | E41: =C41*D41 -> 0 | I41: =G41*H41 -> 0 | K41: =I41+J41 -> 0 | L41: =E41-K41 -> 0 | M41: =K41/E41 -> #DIV/0!
A42: Communication and Visibility actions, tools, materials, and platforms
A43: 3.13 XXX | E43: =C43*D43 -> 0 | I43: =G43*H43 -> 0 | K43: =I43+J43 -> 0 | L43: =E43-K43 -> 0 | M43: =K43/E43 -> #DIV/0!
A44: External Professional Services (Consultants & Experts)
A45: 3.14 XXX | E45: =C45*D45 -> 0 | I45: =G45*H45 -> 0 | K45: =I45+J45 -> 0 | L45: =E45-K45 -> 0 | M45: =K45/E45 -> #DIV/0!
A46: Financial services (bank fees, etc.)
A47: 3.15 XXX | E47: =C47*D47 -> 0 | I47: =G47*H47 -> 0 | K47: =I47+J47 -> 0 | L47: =E47-K47 -> 0 | M47: =K47/E47 -> #DIV/0!
A48: Other (please specify)
A49: 3.16 XXX | E49: =C49*D49 -> 0 | I49: =G49*H49 -> 0 | K49: =I49+J49 -> 0 | L49: =E49-K49 -> 0 | M49: =K49/E49 -> #DIV/0!
A50: Subtotal Other direct costs | E50: =SUM(E24:E49) -> 0 | I50: =SUM(I24:I49) -> 0 | J50: =SUM(J24:J49) -> 0 | K50: =SUM(K24:K49) -> 0 | L50: =E50-K50 -> 0 | M50: =K50/E50 -> #DIV/0!
A51: 4. Subtotal direct eligible costs of the Action (1-3) | E51: =E12+E23+E50 -> 0 | I51: =I50+I23+I12 -> 0 | J51: =J50+J23+J12 -> 0 | K51: =K50+K23+K12 -> 0 | L51: =L50+L23+L12 -> 0 | M51: =K51/E51 -> #DIV/0!
A52: 5. Provision for contingency reserve (maximum 5% of '4. Subtotal of direct eligible costs of the Action (1-3)', subject to absolute maximum of 50,000 EUR) | D52: XX% | E52: =E51*1% -> 0 | H52: =D52 -> XX%
A53: 6. Total direct eligible costs of the Action (4+5) | E53: =E51+E52 -> 0 | I53: =I51+I52 -> 0 | J53: =J51+J52 -> 0 | K53: =K51+K52 -> 0 | L53: =L52+L25+L14 -> 0 | M53: =K53/E53 -> #DIV/0!
A54: 7. Indirect costs (maximum 7% of '6. Total direct eligible costs of the Action') | D54: XX% | E54: =E53*7% -> 0 | H54: =D54 -> XX%
A55: 8. Total eligible costs (6+7) | E55: =E53+E54 -> 0 | I55: =I53+I54 -> 0 | J55: =J53+J54 -> 0 | K55: =K53+K54 -> 0 | L55: =L54+L27+L16 -> 0 | M55: =K55/E55 -> #DIV/0!

Sheet  Final sources of funding
A1: Final sources of funding and budget management
C3: Amount (EUR) | D3: Percentage (%) of Total Eligible Costs
A4: Final sources of funding
A6: EU contribution via ICMPD received | D6: =IFERROR(C6/C22,0) -> 0
A8: Other contributions (Grant Coordinator, Co-Beneficiiaries, other Donors etc.) | C8: =C12+C13+C17+C18 -> 0 | D8: =IFERROR(C8/C22,0) -> 0
A9: Breakdown of other contributions:
A10: 1. Cash Contributions
A11: Name of entity contributing | B11: Description of the contribution and conditions (if any)
A15: 2. Non- Cash /In-kind contribution
A16: Name of entity contributing | B16: Description of the contribution and conditions (if any) and reference to budget line
A20: Total Eligible Costs
A22: TOTAL ELIGIBLE COSTS | D22: =IFERROR(C22/C22,0) -> 0
D24: Budget Percentage %
A26: Budget Management
A27: Please indicate in the below table the approximate % of budget that each applicant/co-applicant managed respectively
A28: Coordinator | D28: 0
A29: Co-Beneficiary 1 | D29: 0
A30: Co-Beneficiary 2 | D30: 0
A31: Co-Beneficiary... | D31: 0
D33: =IFERROR(SUM(D28:D31),0) -> 0
A35: List of Pending payments (above 500€)
A36: Please list the following details: Name of the provider, Object of the contract (Final Audit, Works execution guarantee…), Amount in €, Due date, Reference document (Date and number of Invoice/ contract), Explanation and comments (why still not paid?)
A38: Name of the provider | B38: Object of the contract | C38: Amount in EUR | D38: Due date | E38: Reference document | F38: Explanation and comments
A42: We herewith commit to refund to ICMPD, according to art. 18 of the General Conditions, any amount for which proof of payment cannot be provided upon request after the due date, unless reasonable justification is provided.
E44: Signed
E46: ______________________________

Sheet Addenda or use of contingencies
A1: Addenda or use of contingencies
B2: Grant Contract No.:
B3: Implementation period of the contract: (dd/mm/yyyy-dd/mm/yyyy)
B5: Budget as per contract/last addendum signed | F5: Use of contingencies/ addenda | G5: Budget as per new addendum signed (Only to be completed when an amendment is necessary)
D6: Unit rate (in EUR) | E6: Total Cost (in EUR) | I6: Unit rate (in EUR) | J6: Total Cost (in EUR)
A7: Expenditures | B7: Unit | C7: # Units | G7: Unit | H7: # Units
C8: (a) | D8: (b) | E8: (a)*(b) | H8: (a) | I8: (b) | J8: (a)*(b)
A9: 1. Human Resources (gross salaries including social security charges and other related costs, local and international staff)
A10: 1.1 XXX | E10: =C10*D10 -> 0 | J10: =H10*I10 -> 0
A11: 1.2 XXX | E11: =C11*D11 -> 0 | J11: =H11*I11 -> 0
A12: Subtotal Human Resources | E12: =SUM(E9:E11) -> 0 | J12: =SUM(J9:J11) -> 0
A13: 2. Travel
A14: International travel
A15: 2.1 XXX | E15: =C15*D15 -> 0 | J15: =H15*I15 -> 0
A16: 2.2 Travel related costs (visas, translation for visas, etc.) | E16: =C16*D16 -> 0 | J16: =H16*I16 -> 0
A17: Local transportation
A18: 2.3 XXX | E18: =C18*D18 -> 0 | J18: =H18*I18 -> 0
A19: 2.4 XXX | E19: =C19*D19 -> 0 | J19: =H19*I19 -> 0
A20: Per diems/DSA for missions/travel
A21: 2.5 Abroad/International per diem | E21: =C21*D21 -> 0 | J21: =H21*I21 -> 0
A22: 2.6 Local/in-country per diem | E22: =C22*D22 -> 0 | J22: =H22*I22 -> 0
A23: Subtotal Travel | E23: =SUM(E13:E22) -> 0 | J23: =SUM(J13:J22) -> 0
A24: 3. Other Direct Costs
A25: Purchase or rent of vehicles
A26: 3.1 XXX | E26: =C26*D26 -> 0 | J26: =H26*I26 -> 0
A27: Computer equipment and other machinery, tools, and related spare parts/accessories
A28: 3.2 XXX | E28: =C28*D28 -> 0 | J28: =H28*I28 -> 0
A29: Office costs
A30: 3.5 Office rent | E30: =C30*D30 -> 0 | J30: =H30*I30 -> 0
A31: 3.6 Office supplies, services and utilities (tel/internet, electricity/heating, maintenance) | E31: =C31*D31 -> 0 | J31: =H31*I31 -> 0
A32: Publications, studies, research
A33: 3.7 XXX | E33: =C33*D33 -> 0 | J33: =H33*I33 -> 0
A34: Translation, interpreting
A35: 3.8 XX | E35: =C35*D35 -> 0 | J35: =H35*I35 -> 0
A36: 3.9 Interpreting | E36: =C36*D36 -> 0 | J36: =H36*I36 -> 0
A37: 3.10 Interpreting equipment (booths, headphones, etc.) | E37: =C37*D37 -> 0 | J37: =H37*I37 -> 0
A38: Costs of conferences/seminars/other events
A39: 3.11 XXX | E39: =C39*D39 -> 0 | J39: =H39*I39 -> 0
A40: Costs of trainings/capacity building
A41: 3.12 XXX | E41: =C41*D41 -> 0 | J41: =H41*I41 -> 0
A42: Communication and Visibility actions, tools, materials, and platforms
A43: 3.13 XXX | E43: =C43*D43 -> 0 | J43: =H43*I43 -> 0
A44: External Professional Services (Consultants & Experts)
A45: 3.14 XXX | E45: =C45*D45 -> 0 | J45: =H45*I45 -> 0
A46: Financial services (bank fees, etc.)
A47: 3.15 XXX | E47: =C47*D47 -> 0 | J47: =H47*I47 -> 0
A48: Other (please specify)
A49: 3.16 XXX | E49: =C49*D49 -> 0 | J49: =H49*I49 -> 0
A50: Subtotal Other direct costs | E50: =SUM(E24:E49) -> 0 | J50: =SUM(J24:J49) -> 0
A51: 4. Subtotal direct eligible costs of the Action (1-3) | E51: =E12+E23+E50 -> 0 | J51: =J12+J23+J50 -> 0
A52: 5. Provision for contingency reserve (maximum 5% of '4. Subtotal of direct eligible costs of the Action (1-3)', subject to absolute maximum of 50,000 EUR) | D52: XX% | E52: =E51*1% -> 0 | I52: XX% | J52: =J51*1% -> 0
A53: 6. Total direct eligible costs of the Action (4+5) | E53: =E51+E52 -> 0 | J53: =J51+J52 -> 0
A54: 7. Indirect costs (maximum 7% of '6. Total direct eligible costs of the Action') | D54: XX% | E54: =E53*7% -> 0 | I54: XX% | J54: =J53*7% -> 0
A55: 8. Total eligible costs (6+7) | E55: =E53+E54 -> 0 | J55: =J53+J54 -> 0

Sheet EC Rates Auto Load 
A1: country | B1: currency | C1: isoA3Code | D1: isoA2Code | E1: comment | F1: 1 | G1: 2 | H1: 3 | I1: 4 | J1: 5 | K1: 6
A2: United Arab Emirates | B2: United Arab Emirates dirham | C2: AED | D2: AE | F2: 4.32385 | G2: 4.3907 | H2: 4.33805 | I2: 4.22785 | J2: 4.30215 | K2: 4.27035
A3: Afghanistan | B3: Afghan afghani | C3: AFN | D3: AF | F3: 77.745 | G3: 78.335 | H3: 75.15 | I3: 73.755 | J3: 75.38 | K3: 74.3
A4: Albania | B4: Albanian lek | C4: ALL | D4: AL | F4: 96.385 | G4: 96.885 | H4: 96.4 | I4: 95.965 | J4: 95.555 | K4: 95.36
A5: Armenia | B5: Armenian dram | C5: AMD | D5: AM | F5: 449 | G5: 445 | H5: 444 | I5: 434.5 | J5: 432.5 | K5: 431
A6: Angola | B6: Angolan kwanza | C6: AOA | D6: AO | F6: 1081.875 | G6: 1098.375 | H6: 1083.025 | I6: 1057.575 | J6: 1077.335 | K6: 1069.38
A7: Argentina | B7: Argentine peso | C7: ARS | D7: AR | F7: 1712.9949 | G7: 1728.7776 | H7: 1651.0065 | I7: 1591.1082 | J7: 1644.4003 | K7: 1640.6108
A8: Australia | B8: Australian dollar | C8: AUD | D8: AU | E8: Australian dollar: Also in use for Christmas Island (CX), Cocos (Keeling) Islands (CC), Kiribati (KI), Nauru (NR), Norfolk Island (NF), Tuvalu (TV). | F8: 1.7543 | G8: 1.6935 | H8: 1.6592 | I8: 1.674 | J8: 1.6344 | K8: 1.6318
A9: Aruba | B9: Aruban florin | C9: AWG | D9: AW | F9: 2.12802 | G9: 2.16621 | H9: 2.13833 | I9: 2.0786 | J9: 2.11879 | K9: 2.10268
A10: Azerbaijan | B10: Azerbaijan Manat | C10: AZN | D10: AZ | F10: 1.99869 | G10: 2.03456 | H10: 2.00838 | I10: 1.95228 | J10: 1.99002 | K10: 1.97489
A11: Bosnia and Herzegovina | B11: Bosnia and Herzegovina convertible mark | C11: BAM | D11: BA | F11: 1.95583 | G11: 1.95583 | H11: 1.95583 | I11: 1.95583 | J11: 1.95583 | K11: 1.95583
A12: Barbados | B12: Barbados dollar | C12: BBD | D12: BB | F12: 2.36798 | G12: 2.41047 | H12: 2.37946 | I12: 2.31299 | J12: 2.35771 | K12: 2.33978
A13: Bangladesh | B13: Bangladeshi taka | C13: BDT | D13: BD | F13: 143.77635 | G13: 146.24896 | H13: 144.36708 | I13: 140.90868 | J13: 143.95454 | K13: 142.59868
A14: Bulgaria | B14: Bulgarian lev | C14: BGN | D14: BG | F14: 1.9558
A15: Bahrain | B15: Bahraini dinar | C15: BHD | D15: BH | F15: 0.4433 | G15: 0.45119 | H15: 0.44544 | I15: 0.43481 | J15: 0.44161 | K15: 0.43796
A16: Burundi | B16: Burundi franc | C16: BIF | D16: BI | F16: 3482.436 | G16: 3541.339 | H16: 3503.5155 | I16: 3419.405 | J16: 3484.6695 | K16: 3463.237
A17: Bermuda | B17: Bermudian dollar | C17: BMD | D17: BM | F17: 1.1757 | G17: 1.1968 | H17: 1.1814 | I17: 1.1484 | J17: 1.1706 | K17: 1.1617
A18: Brunei | B18: Brunei dollar | C18: BND | D18: BN | F18: 1.5135 | G18: 1.509 | H18: 1.49245 | I18: 1.48365 | J18: 1.4954 | K18: 1.48505
A19: Bolivia | B19: Bolivian boliviano | C19: BOB | D19: BO | F19: 8.15348 | G19: 8.29981 | H19: 8.1812 | I19: 7.95267 | J19: 8.10641 | K19: 8.05639
A20: Brazil | B20: Brazilian real | C20: BRL | D20: BR | E20: Brazilian real: This currency can not be used to effect international payments of the Commission. | F20: 6.4929 | G20: 6.2011 | H20: 6.0556 | I20: 6.0179 | J20: 5.8359 | K20: 5.8928
A21: Bahamas (the) | B21: Bahamian dollar | C21: BSD | D21: BS | F21: 1.1757 | G21: 1.1968 | H21: 1.1814 | I21: 1.1484 | J21: 1.1706 | K21: 1.1617
A22: Bhutan | B22: Bhutanese ngultrum | C22: BTN | D22: BT | F22: 105.58 | G22: 110.007 | H22: 107.421 | I22: 108.7686 | J22: 111.0315 | K22: 111.1705
A23: Botswana | B23: Botswana pula | C23: BWP | D23: BW | F23: 16.53439 | G23: 15.59539 | H23: 16.20089 | I23: 15.79954 | J23: 15.75299 | K23: 15.5739
A24: Belarus | B24: Belarussian rouble | C24: BYN | D24: BY | F24: 3.41875 | G24: 3.3989 | H24: 3.38655 | I24: 3.42125 | J24: 3.3126 | K24: 3.1971
A25: Belize | B25: Belize dollar | C25: BZD | D25: BZ | F25: 2.36457 | G25: 2.407 | H25: 2.37603 | I25: 2.30966 | J25: 2.35431 | K25: 2.33641
A26: Canada | B26: Canadian dollar | C26: CAD | D26: CA | F26: 1.6104 | G26: 1.6186 | H26: 1.6155 | I26: 1.5987 | J26: 1.6007 | K26: 1.6094
A27: Congo (Democratic Republic of) | B27: Congolese franc | C27: CDF | D27: CD | F27: 2548.745 | G27: 2746.44 | H27: 2658.135 | I27: 2664.86 | J27: 2729.015 | K27: 2656.555
A28: Switzerland | B28: Swiss franc | C28: CHF | D28: CH | E28: Swiss franc: Also in use for Liechtenstein (LI). | F28: 0.9293 | G28: 0.9182 | H28: 0.914 | I28: 0.9187 | J28: 0.9236 | K28: 0.9167
A29: Chile | B29: Chilean peso | C29: CLP | D29: CL | F29: 1075.7655 | G29: 1036.0099 | H29: 1012.6311 | I29: 1060.2201 | J29: 1040.6283 | K29: 1038.6527
A30: China | B30: Chinese Yuan Renminbi | C30: CNY | D30: CN | E30: Chinese yuan: This currency can not be used to effect international payments of the Commission. | F30: 8.2216 | G30: 8.3132 | H30: 8.0823 | I30: 7.937 | J30: 7.9993 | K30: 7.8762
A31: Colombia | B31: Colombian peso | C31: COP | D31: CO | E31: Colombian peso: This currency can not be used to effect international payments of the Commission. | F31: 4406.8763 | G31: 4395.7806 | H31: 4355.8218 | I31: 4219.3881 | J31: 4218.8424 | K31: 4216.1462
A32: Costa Rica | B32: Costa Rican colón | C32: CRC | D32: CR | F32: 583.72329 | G32: 592.1168 | H32: 561.13547 | I32: 534.03471 | J32: 532.53521 | K32: 527.44084
A33: Cuba | B33: Cuban peso | C33: CUP | D33: CU | F33: 28.254 | G33: 28.6896 | H33: 28.3452 | I33: 27.624 | J33: 28.11 | K33: 27.9024
A34: Cape Verde | B34: Cape Verde escudo | C34: CVE | D34: CV | F34: 110.265 | G34: 110.265 | H34: 110.265 | I34: 110.265 | J34: 110.265 | K34: 110.265
A35: Czechia | B35: Czech koruna | C35: CZK | D35: CZ | F35: 24.255 | G35: 24.335 | H35: 24.246 | I35: 24.555 | J35: 24.382 | K35: 24.293
A36: Djibouti | B36: Djibouti franc | C36: DJF | D36: DJ | F36: 209.36278 | G36: 213.12016 | H36: 210.37781 | I36: 204.50133 | J36: 208.4546 | K36: 206.86973
A37: Denmark | B37: Danish krone | C37: DKK | D37: DK | E37: Danish krone: Also in use for Faeroe Islands (FO), Greenland (GL). | F37: 7.4689 | G37: 7.4668 | H37: 7.4719 | I37: 7.4727 | J37: 7.4727 | K37: 7.4729
A38: Dominican Republic | B38: Dominican peso | C38: DOP | D38: DO | F38: 74.1079 | G38: 75.107 | H38: 71.45355 | I38: 68.72625 | J38: 69.1975 | K38: 67.8145
A39: Algeria | B39: Algerian dinar | C39: DZD | D39: DZ | F39: 152.37 | G39: 154.23125 | H39: 153.0877 | I39: 153.2275 | J39: 155.18 | K39: 155.1165
A40: Egypt | B40: Egyptian pound | C40: EGP | D40: EG | F40: 56.11951 | G40: 55.9806 | H40: 56.66679 | I40: 60.65771 | J40: 61.87715 | K40: 60.71099
A41: Eritrea | B41: Eritrean nakfa | C41: ERN | D41: ER | F41: 17.72368 | G41: 18.04176 | H41: 17.80961 | I41: 17.31213 | J41: 17.6468 | K41: 17.51263
A42: Ethiopia | B42: Ethiopian birr | C42: ETB | D42: ET | F42: 182.939 | G42: 185.958 | H42: 184.86 | I42: 180.645 | J42: 184.899 | K42: 185.7455
A43: Belgium | B43: Euro | C43: EUR | D43: BE | E43: The euro is the currency of the following countries: Austria (AT), Belgium (BE), Bulgaria (BG), Croatia (HR), Cyprus (CY), Germany (DE), Estonia (EE), Greece (EL), Spain (ES), Finland (FI), France (FR), Ireland (IE), Italy (IT), Luxembourg (LU), Latvia (LV), Lithuania (LT), Malta (MT), The Netherlands (NL), Portugal (PT), Slovenia (SI), Slovakia (SK). It is also in use for Mayotte (YT), Saint Pierre and Miquelon (PM), French Southern Lands (TF), Principality of Monaco (MC), Vatican (VA), San Marino (SM), Ceuta (XC), Melilla (XL), Andorra (AD), Republic of Montenegro (ME), Kosovo (XK, under UN Security Council 1244/99). | F43: 1 | G43: 1 | H43: 1 | I43: 1 | J43: 1 | K43: 1
A44: Fiji | B44: Fiji dollar | C44: FJD | D44: FJ | F44: 2.67499 | G44: 2.6212 | H44: 2.58916 | I44: 2.59818 | J44: 2.57331 | K44: 2.55881
A45: Falkland Islands | B45: Falkland Islands pound | C45: FKP | D45: FK | F45: 0.8712 | G45: 0.8662 | H45: 0.8719 | I45: 0.86803 | J45: 0.86643 | K45: 0.86665
A46: United Kingdom | B46: Pound sterling | C46: GBP | D46: GB | E46: Pound sterling: Also in use for South Georgia and the South Sandwich Islands (GS). | F46: 0.8712 | G46: 0.8662 | H46: 0.8719 | I46: 0.86803 | J46: 0.86643 | K46: 0.86665
A47: Georgia | B47: Georgian lari | C47: GEL | D47: GE | F47: 3.1646 | G47: 3.2115 | H47: 3.1546 | I47: 3.1095 | J47: 3.154 | K47: 3.10665
A48: Ghana | B48: Ghana cedi | C48: GHS | D48: GH | F48: 12.92035 | G48: 13.05975 | H48: 12.57815 | I48: 12.6121 | J48: 13.05945 | K48: 13.55595
A49: Gibraltar | B49: Gibraltar pound | C49: GIP | D49: GI | F49: 0.8712 | G49: 0.8662 | H49: 0.8719 | I49: 0.86803 | J49: 0.86643 | K49: 0.86665
A50: Gambia (the) | B50: Gambian dalasi | C50: GMD | D50: GM | F50: 87 | G50: 88.61 | H50: 87.545 | I50: 85.375 | J50: 86.85 | K50: 86.265
A51: Guinea | B51: Guinean franc | C51: GNF | D51: GN | F51: 10292.11 | G51: 10489.64 | H51: 10358.405 | I51: 10092.55 | J51: 10277.725 | K51: 10189.615
A52: Guatemala | B52: Guatemalan quetzal | C52: GTQ | D52: GT | F52: 9.00998 | G52: 9.18305 | H52: 9.06488 | I52: 8.79445 | J52: 8.94338 | K52: 8.85796
A53: Guyana | B53: Guyana dollar | C53: GYD | D53: GY | F53: 246.295 | G53: 250.095 | H53: 247.065 | I53: 240.805 | J53: 245.045 | K53: 243.205
A54: Hong Kong | B54: Hong Kong dollar | C54: HKD | D54: HK | F54: 9.1511 | G54: 9.3407 | H54: 9.2417 | I54: 8.9969 | J54: 9.1736 | K54: 9.1015
A55: Honduras | B55: Honduran lempira | C55: HNL | D55: HN | F55: 30.9951 | G55: 31.58361 | H55: 31.26315 | I55: 30.49157 | J55: 31.11648 | K55: 30.91243
A56: Haiti | B56: Haitian gourde | C56: HTG | D56: HT | F56: 153.86974 | G56: 156.7346 | H56: 154.88154 | I56: 150.7275 | J56: 153.31934 | K56: 152.12462
A57: Hungary | B57: Hungarian forint | C57: HUF | D57: HU | F57: 385.95 | G57: 380.73 | H57: 375.2 | I57: 389.53 | J57: 363.88 | K57: 355.28
A58: Indonesia | B58: Indonesian rupiah | C58: IDR | D58: ID | F58: 19711.02 | G58: 20085 | H58: 19809.24 | I58: 19542.9 | J58: 20308.33 | K58: 20737.51
... A61: Iraq | B61: Iraqi dinar | C61: IQD | D61: IQ | F61: 1540.167 | G61: 1567.808 | H61: 1547.634 | I61: 1504.404 | J61: 1533.486 | K61: 1521.827
A62: Iran | B62: Iranian rial | C62: IRR | D62: IR | E62: Iranian rial: This currency can not be used to effect international payments of the Commission. | F62: 49438.185 | G62: 1298677.6 | H62: 1548121.9 | I62: 1510788 | J62: 1539904.4 | K62: 1558483.3
A63: Iceland | B63: Iceland króna | C63: ISK | D63: IS | F63: 147.2 | G63: 144.8 | H63: 143.3 | I63: 143.4 | J63: 143.6 | K63: 143.2
A64: Jamaica | B64: Jamaican dollar | C64: JMD | D64: JM | F64: 187.1475 | G64: 187.5704 | H64: 184.26755 | I64: 181.8697 | J64: 183.66385 | K64: 182.24935
A65: Jordan | B65: Jordanian dinar | C65: JOD | D65: JO | F65: 0.83357 | G65: 0.84853 | H65: 0.83761 | I65: 0.81422 | J65: 0.82996 | K65: 0.82365
A66: Japan | B66: Japanese yen | C66: JPY | D66: JP | F66: 183.48 | G66: 183.48 | H66: 184.37 | I66: 183.12 | J66: 187.05 | K66: 185.24
A67: Kenya | B67: Kenyan shilling | C67: KES | D67: KE | F67: 151.745 | G67: 154.205 | H67: 152.295 | I67: 149.63 | J67: 151.265 | K67: 150.675
A68: Kyrgyzstan | B68: Kyrgyzstani som | C68: KGS | D68: KG | F68: 102.81749 | G68: 104.69146 | H68: 103.3725 | I68: 100.45876 | J68: 102.37816 | K68: 101.62221
A69: Cambodia | B69: Cambodian riel | C69: KHR | D69: KH | F69: 4747.5 | G69: 4797 | H69: 4754.5 | I69: 4676.5 | J69: 4676.5 | K69: 4711.5
A70: Comoros | B70: Comorian franc | C70: KMF | D70: KM | F70: 492.615 | G70: 492.615 | H70: 492.615 | I70: 492.615 | J70: 492.615 | K70: 492.615
A71: South Korea | B71: South Korean won | C71: KRW | D71: KR | F71: 1697.65 | G71: 1712.42 | H71: 1684.25 | I71: 1742.93 | J71: 1730.59 | K71: 1745.84
A72: Kuwait | B72: Kuwaiti dinar | C72: KWD | D72: KW | F72: 0.36184 | G72: 0.36472 | H72: 0.36092 | I72: 0.35216 | J72: 0.35867 | K72: 0.35629
A73: Cayman Islands | B73: Cayman Islands dollar | C73: KYD | D73: KY | F73: 0.97583 | G73: 0.99334 | H73: 0.98056 | I73: 0.95317 | J73: 0.9716 | K73: 0.96421
A74: Kazakhstan | B74: Kazakhstani tenge | C74: KZT | D74: KZ | F74: 591.295 | G74: 604.31 | H74: 592.855 | I74: 556.625 | J74: 537.12 | K74: 557.225
... A97: Nicaragua | B97: Nicaraguan córdoba | C97: NIO | D97: NI | F97: 43.26576 | G97: 44.04224 | H97: 43.47552 | I97: 42.26112 | J97: 43.07808 | K97: 42.75056
A98: Norway | B98: Norwegian krone | C98: NOK | D98: NO | E98: Norwegian krone: Also in use for Bouvet Island (BV), Svalbard and Jan Mayen (SJ). | F98: 11.826 | G98: 11.418 | H98: 11.293 | I98: 11.198 | J98: 10.862 | K98: 10.794
A99: Nepal | B99: Nepalese rupee | C99: NPR | D99: NP | F99: 169.4887 | G99: 175.55645 | H99: 171.8723 | I99: 174.61825 | J99: 177.175 | K99: 178.00565
A100: New Zealand | B100: New Zealand dollar | C100: NZD | D100: NZ | E100: New Zealand dollar: Also in use for Cook Islands (CK), Niue (NU), Pitcairn Islands (PN), Tokelau (TK). | F100: 2.0278 | G100: 1.9689 | H100: 1.9721 | I100: 2.0068 | J100: 1.9981 | K100: 1.9713
A101: Oman | B101: Omani rial | C101: OMR | D101: OM | F101: 0.45266 | G101: 0.46074 | H101: 0.45482 | I101: 0.44212 | J101: 0.45069 | K101: 0.44726
A102: Panama | B102: Panamanian balboa | C102: PAB | D102: PA | F102: 1.1757 | G102: 1.1968 | H102: 1.1814 | I102: 1.1484 | J102: 1.1706 | K102: 1.1617
A103: Peru | B103: Peruvian sol | C103: PEN | D103: PE | F103: 3.95799 | G103: 4.00186 | H103: 3.96525 | I103: 4.00459 | J103: 4.11068 | K103: 3.95698
A104: Papua New Guinea | B104: Papua New Guinean kina | C104: PGK | D104: PG | F104: 5.00085 | G104: 5.11672 | H104: 5.07692 | I104: 4.95641 | J104: 5.07852 | K104: 5.06408
A105: Philippines | B105: Philippine piso | C105: PHP | D105: PH | F105: 69.166 | G105: 70.606 | H105: 68.073 | I105: 69.718 | J105: 72.111 | K105: 71.51
A106: Pakistan | B106: Pakistan rupee | C106: PKR | D106: PK | F106: 329.8065 | G106: 334.413 | H106: 330.1625 | I106: 321.359 | J106: 326.5735 | K106: 323.8135
A107: Poland | B107: Polish zloty | C107: PLN | D107: PL | F107: 4.2263 | G107: 4.2033 | H107: 4.2225 | I107: 4.2883 | J107: 4.2518 | K107: 4.2335
A108: Paraguay | B108: Paraguayan guaraní | C108: PYG | D108: PY | F108: 7967.7189 | G108: 8030.7973 | H108: 7609.4328 | I108: 7490.0313 | J108: 7282.964 | K108: 7049.3699
A109: Qatar | B109: Qatari riyal | C109: QAR | D109: QA | F109: 4.27955 | G109: 4.35635 | H109: 4.3003 | I109: 4.18018 | J109: 4.26098 | K109: 4.22859
A110: Romania | B110: Romanian Leu | C110: RON | D110: RO | F110: 5.0969 | G110: 5.0965 | H110: 5.0949 | I110: 5.0976 | J110: 5.0981 | K110: 5.2481
A111: Serbia (Republic of) | B111: Serbian Dinar | C111: RSD | D111: RS | F111: 117.315 | G111: 117.4 | H111: 117.425 | I111: 117.385 | J111: 117.42 | K111: 117.39
A112: Russia | B112: Russian ruble | C112: RUB | D112: RU | E112: Russian ruble: This currency can not be used to effect international payments of the Commission. | F112: 92.4141 | G112: 91.5079 | H112: 90.5393 | I112: 93.8065 | J112: 88.03115 | K112: 82.42835
A113: Rwanda | B113: Rwandan franc | C113: RWF | D113: RW | F113: 1714.58 | G113: 1739.055 | H113: 1720.79 | I113: 1680.885 | J113: 1712.155 | K113: 1701.525
A114: Saudi Arabia | B114: Saudi riyal | C114: SAR | D114: SA | F114: 4.4097 | G114: 4.4883 | H114: 4.43143 | I114: 4.30914 | J114: 4.39057 | K114: 4.3594
A115: Solomon Islands | B115: Solomon Islands dollar | C115: SBD | D115: SB | F115: 9.45845 | G115: 9.55893 | H115: 9.40586 | I115: 9.14313 | J115: 9.30505 | K115: 9.24902
A116: Seychelles | B116: Seychellois rupee | C116: SCR | D116: SC | F116: 16.84775 | G116: 16.4407 | H116: 16.61645 | I116: 16.1078 | J116: 16.33685 | K116: 15.8802
A117: Sudan | B117: Sudanese Pound | C117: SDG | D117: SD | E117: Sudanese pound: The rate is in use for the exchange operations made by EU Delegation in the country. This currency cannot be used to effect international payments. | F117: 3215.4127 | G117: 3187.2074 | H117: 3487.0275 | I117: 2701.13 | J117: 3638.7945 | K117: 3638.7945
A118: Sweden | B118: Swedish krona | C118: SEK | D118: SE | F118: 10.818 | G118: 10.5645 | H118: 10.673 | I118: 10.906 | J118: 10.8405 | K118: 10.8215
A119: Singapore | B119: Singapore dollar | C119: SGD | D119: SG | F119: 1.5095 | G119: 1.5128 | H119: 1.4922 | I119: 1.4812 | J119: 1.4952 | K119: 1.4865
A120: Saint Helena | B120: Saint Helena pound | C120: SHP | D120: SH | F120: 0.8712 | G120: 0.8662 | H120: 0.8719 | I120: 0.86803 | J120: 0.86643 | K120: 0.86665
A121: Sierra Leone | B121: Sierra Leonean leone | C121: SLE | D121: SL | E121: The new currency SLE came into force on 1 April 2022. Three zeros were cut off the SLL rate. | F121: 26.39447 | G121: 26.86816 | H121: 26.52243 | I121: 25.78158 | J121: 26.27997 | K121: 28.2874
A122: Somalia | B122: Somali shilling | C122: SOS | D122: SO | F122: 671.62 | G122: 681.975 | H122: 674.97 | I122: 657.795 | J122: 669.37 | K122: 664.425
A123: Suriname | B123: Surinam dollar | C123: SRD | D123: SR | F123: 44.9717 | G123: 45.61723 | H123: 44.55355 | I123: 43.12988 | J123: 43.86063 | K123: 43.33025
A124: South Sudan | B124: South Sudanese pound | C124: SSP | D124: SS | F124: 5349.0706 | G124: 5437.5634 | H124: 5371.0742 | I124: 5327.2885 | J124: 5434.0714 | K124: 5439.7591
...
